Workbook
Name StipendEx: #REF!
Name OtherEx: #REF!
Name Z_2AFBB094_F619_44CF_9E3A_3B5F2A197C08_.wvu.PrintArea: 'Financial Reporting RP1'!$A$1:$V$171
Name SubsEx: #REF!
Name Z_2AFBB094_F619_44CF_9E3A_3B5F2A197C08_.wvu.PrintArea: 'Seed Grant budget'!$A$1:$V$170
Name TravelEx: #REF!
Name increases: #REF!
Name Z_2AFBB094_F619_44CF_9E3A_3B5F2A197C08_.wvu.PrintArea: 'Successful Award Budget'!$A$1:$V$170

Sheet INSTRUCTIONS
A1: Guidence
A2: Complete the "Seed Grant Budget Tab" and submit with your proposal, please consult with your associated university where appropriate
A3: Only enter information in to the cells highlighted in blue
A5: For enquiries please contact researchnetwork@innovationgrowthlab.org
A7: Categories | B7: Sub Catagory | C7: Description
A9: Personnel | C9: Employee costs (Where employee is based at the institiution awarded funding)
B10: Fringe rate | C10: % covering employer-paid benefits like taxes & insurance
B11: Annual Salary | C11: Annual Salary excluding fringe costs
B12: Period FTE | C12: Time individual will be spending on the project (1.0 - Full time, 0.8 - 80% of their time, 0.05 - 5% of their time)
A13: Travel | C13: Travel costs associated with the project
A14: Other Direct Expenses | C14: Survey costs, Material costs, Subscriptions etc
A15: Consultant/ Subcontractor Expenses | C15: Payments for non-employee experts' specialised services

Sheet Seed Grant budget
A1: IGL Seed Grants: Lowering Barriers to High-Impact Experimental Research
A2: Please submit this template with your proposal, please consult with your associated university where appropriate
A3: Date Submitted:
A5: Organisation Name
A6: Lead Personnel
A7: Proposal Title
A8: Requested Amount (GBP) | B8: =T170 -> 0
A10: Anticipated Start Date
A11: Anticipated End Date
A12: Project Duration (months) | B12: =IF(OR(B10="",B11=""),"",YEARFRAC(B10,B11)*12) | E12: Complete only cells in blue
A17: EXPENSE TYPE | B17: Expense Description | C17: Calculation Detail | M17: Period 1 01/02/2027 - 31/07/2027 | N17: Period 2 01/08/2027 - 31/01/2028 | O17: Period 3 mm/dd/yy - mm/dd/yy | P17: Period 4 mm/dd/yy - mm/dd/yy | Q17: Period 5 mm/dd/yy - mm/dd/yy | R17: Period 6 mm/dd/yy - mm/dd/yy | S17: Period 7 mm/dd/yy - mm/dd/yy | T17: Total
A18: PERSONNEL (Name of individual/TBC) | B18: Job Title | C18: Fringe % | D18: Annual Salary | E18: Period 1 FTE | F18: Period 2 FTE | G18: Period 3 FTE | H18: Period 4 FTE% | I18: Period 5 FTE% | J18: Period 6 FTE% | K18: Period 7 FTE%
M19: =$D$19*E19*(1+$C$19) -> 0 | N19: =D19*F19*(1+C19)*(1+$C$15) -> 0 | O19: =D19*G19*(1+C19)*(1+$C$15)*(1+$C$15) -> 0 | P19: =D19*H19*(1+C19)*(1+$C$15)*(1+$C$15)*(1+$C$15) -> 0 | Q19: =D19*I19*(1+C19)*(1+$C$15)*(1+$C$15)*(1+$C$15)*(1+$C$15) -> 0 | R19: =D19*J19*(1+C19)*(1+$C$15)*(1+$C$15)*(1+$C$15)*(1+$C$15)*(1+$C$15) -> 0 | S19: =D19*K19*(1+C19)*(1+$C$15)*(1+$C$15)*(1+$C$15)*(1+$C$15)*(1+$C$15)*(1+$C$15) -> 0 | T19: =M19+N19+O19+P19+Q19+R19+S19 -> 0
M20: =$D$20*E20*(1+$C$20) -> 0 | N20: =D20*F20*(1+C20)*(1+$C$15) -> 0 | O20: =D20*G20*(1+C20)*(1+$C$15)*(1+$C$15) -> 0 | P20: =D20*H20*(1+C20)*(1+$C$15)*(1+$C$15)*(1+$C$15) -> 0 | Q20: =D20*I20*(1+C20)*(1+$C$15)*(1+$C$15)*(1+$C$15)*(1+$C$15) -> 0 | R20: =D20*J20*(1+C20)*(1+$C$15)*(1+$C$15)*(1+$C$15)*(1+$C$15)*(1+$C$15) -> 0 | S20: =D20*K20*(1+C20)*(1+$C$15)*(1+$C$15)*(1+$C$15)*(1+$C$15)*(1+$C$15)*(1+$C$15) -> 0 | T20: =M20+N20+O20+P20+Q20+R20+S20 -> 0
M21: =$D$21*E21*(1+$C$21) -> 0 | N21: =D21*F21*(1+C21)*(1+$C$15) -> 0 | O21: =D21*G21*(1+C21)*(1+$C$15)*(1+$C$15) -> 0 | P21: =D21*H21*(1+C21)*(1+$C$15)*(1+$C$15)*(1+$C$15) -> 0 | Q21: =D21*I21*(1+C21)*(1+$C$15)*(1+$C$15)*(1+$C$15)*(1+$C$15) -> 0 | R21: =D21*J21*(1+C21)*(1+$C$15)*(1+$C$15)*(1+$C$15)*(1+$C$15)*(1+$C$15) -> 0 | S21: =D21*K21*(1+C21)*(1+$C$15)*(1+$C$15)*(1+$C$15)*(1+$C$15)*(1+$C$15)*(1+$C$15) -> 0 | T21: =M21+N21+O21+P21+Q21+R21+S21 -> 0
M22: =D22*E22*(1+C22) -> 0 | N22: =D22*F22*(1+C22)*(1+$C$15) -> 0 | O22: =D22*G22*(1+C22)*(1+$C$15)*(1+$C$15) -> 0 | P22: =D22*H22*(1+C22)*(1+$C$15)*(1+$C$15)*(1+$C$15) -> 0 | Q22: =D22*I22*(1+C22)*(1+$C$15)*(1+$C$15)*(1+$C$15)*(1+$C$15) -> 0 | R22: =D22*J22*(1+C22)*(1+$C$15)*(1+$C$15)*(1+$C$15)*(1+$C$15)*(1+$C$15) -> 0 | S22: =D22*K22*(1+C22)*(1+$C$15)*(1+$C$15)*(1+$C$15)*(1+$C$15)*(1+$C$15)*(1+$C$15) -> 0 | T22: =M22+N22+O22+P22+Q22+R22+S22 -> 0
M23: =D23*E23*(1+C23) -> 0 | N23: =D23*F23*(1+C23)*(1+$C$15) -> 0 | O23: =D23*G23*(1+C23)*(1+$C$15)*(1+$C$15) -> 0 | P23: =D23*H23*(1+C23)*(1+$C$15)*(1+$C$15)*(1+$C$15) -> 0 | Q23: =D23*I23*(1+C23)*(1+$C$15)*(1+$C$15)*(1+$C$15)*(1+$C$15) -> 0 | R23: =D23*J23*(1+C23)*(1+$C$15)*(1+$C$15)*(1+$C$15)*(1+$C$15)*(1+$C$15) -> 0 | S23: =D23*K23*(1+C23)*(1+$C$15)*(1+$C$15)*(1+$C$15)*(1+$C$15)*(1+$C$15)*(1+$C$15) -> 0 | T23: =M23+N23+O23+P23+Q23+R23+S23 -> 0
M24: =D24*E24*(1+C24) -> 0 | N24: =D24*F24*(1+C24)*(1+$C$15) -> 0 | O24: =D24*G24*(1+C24)*(1+$C$15)*(1+$C$15) -> 0 | P24: =D24*H24*(1+C24)*(1+$C$15)*(1+$C$15)*(1+$C$15) -> 0 | Q24: =D24*I24*(1+C24)*(1+$C$15)*(1+$C$15)*(1+$C$15)*(1+$C$15) -> 0 | R24: =D24*J24*(1+C24)*(1+$C$15)*(1+$C$15)*(1+$C$15)*(1+$C$15)*(1+$C$15) -> 0 | S24: =D24*K24*(1+C24)*(1+$C$15)*(1+$C$15)*(1+$C$15)*(1+$C$15)*(1+$C$15)*(1+$C$15) -> 0 | T24: =M24+N24+O24+P24+Q24+R24+S24 -> 0
M25: =D25*E25*(1+C25) -> 0 | N25: =D25*F25*(1+C25)*(1+$C$15) -> 0 | O25: =D25*G25*(1+C25)*(1+$C$15)*(1+$C$15) -> 0 | P25: =D25*H25*(1+C25)*(1+$C$15)*(1+$C$15)*(1+$C$15) -> 0 | Q25: =D25*I25*(1+C25)*(1+$C$15)*(1+$C$15)*(1+$C$15)*(1+$C$15) -> 0 | R25: =D25*J25*(1+C25)*(1+$C$15)*(1+$C$15)*(1+$C$15)*(1+$C$15)*(1+$C$15) -> 0 | S25: =D25*K25*(1+C25)*(1+$C$15)*(1+$C$15)*(1+$C$15)*(1+$C$15)*(1+$C$15)*(1+$C$15) -> 0 | T25: =M25+N25+O25+P25+Q25+R25+S25 -> 0
M26: =D26*E26*(1+C26) -> 0 | N26: =D26*F26*(1+C26)*(1+$C$15) -> 0 | O26: =D26*G26*(1+C26)*(1+$C$15)*(1+$C$15) -> 0 | P26: =D26*H26*(1+C26)*(1+$C$15)*(1+$C$15)*(1+$C$15) -> 0 | Q26: =D26*I26*(1+C26)*(1+$C$15)*(1+$C$15)*(1+$C$15)*(1+$C$15) -> 0 | R26: =D26*J26*(1+C26)*(1+$C$15)*(1+$C$15)*(1+$C$15)*(1+$C$15)*(1+$C$15) -> 0 | S26: =D26*K26*(1+C26)*(1+$C$15)*(1+$C$15)*(1+$C$15)*(1+$C$15)*(1+$C$15)*(1+$C$15) -> 0 | T26: =M26+N26+O26+P26+Q26+R26+S26 -> 0
M27: =D27*E27*(1+C27) -> 0 | N27: =D27*F27*(1+C27)*(1+$C$15) -> 0 | O27: =D27*G27*(1+C27)*(1+$C$15)*(1+$C$15) -> 0 | P27: =D27*H27*(1+C27)*(1+$C$15)*(1+$C$15)*(1+$C$15) -> 0 | Q27: =D27*I27*(1+C27)*(1+$C$15)*(1+$C$15)*(1+$C$15)*(1+$C$15) -> 0 | R27: =D27*J27*(1+C27)*(1+$C$15)*(1+$C$15)*(1+$C$15)*(1+$C$15)*(1+$C$15) -> 0 | S27: =D27*K27*(1+C27)*(1+$C$15)*(1+$C$15)*(1+$C$15)*(1+$C$15)*(1+$C$15)*(1+$C$15) -> 0 | T27: =M27+N27+O27+P27+Q27+R27+S27 -> 0
M28: =D28*E28*(1+C28) -> 0 | N28: =D28*F28*(1+C28)*(1+$C$15) -> 0 | O28: =D28*G28*(1+C28)*(1+$C$15)*(1+$C$15) -> 0 | P28: =D28*H28*(1+C28)*(1+$C$15)*(1+$C$15)*(1+$C$15) -> 0 | Q28: =D28*I28*(1+C28)*(1+$C$15)*(1+$C$15)*(1+$C$15)*(1+$C$15) -> 0 | R28: =D28*J28*(1+C28)*(1+$C$15)*(1+$C$15)*(1+$C$15)*(1+$C$15)*(1+$C$15) -> 0 | S28: =D28*K28*(1+C28)*(1+$C$15)*(1+$C$15)*(1+$C$15)*(1+$C$15)*(1+$C$15)*(1+$C$15) -> 0 | T28: =M28+N28+O28+P28+Q28+R28+S28 -> 0
M29: =D29*E29*(1+C29) -> 0 | N29: =D29*F29*(1+C29)*(1+$C$15) -> 0 | O29: =D29*G29*(1+C29)*(1+$C$15)*(1+$C$15) -> 0 | P29: =D29*H29*(1+C29)*(1+$C$15)*(1+$C$15)*(1+$C$15) -> 0 | Q29: =D29*I29*(1+C29)*(1+$C$15)*(1+$C$15)*(1+$C$15)*(1+$C$15) -> 0 | R29: =D29*J29*(1+C29)*(1+$C$15)*(1+$C$15)*(1+$C$15)*(1+$C$15)*(1+$C$15) -> 0 | S29: =D29*K29*(1+C29)*(1+$C$15)*(1+$C$15)*(1+$C$15)*(1+$C$15)*(1+$C$15)*(1+$C$15) -> 0 | T29: =M29+N29+O29+P29+Q29+R29+S29 -> 0
M30: =D30*E30*(1+C30) -> 0 | N30: =D30*F30*(1+C30)*(1+$C$15) -> 0 | O30: =D30*G30*(1+C30)*(1+$C$15)*(1+$C$15) -> 0 | P30: =D30*H30*(1+C30)*(1+$C$15)*(1+$C$15)*(1+$C$15) -> 0 | Q30: =D30*I30*(1+C30)*(1+$C$15)*(1+$C$15)*(1+$C$15)*(1+$C$15) -> 0 | R30: =D30*J30*(1+C30)*(1+$C$15)*(1+$C$15)*(1+$C$15)*(1+$C$15)*(1+$C$15) -> 0 | S30: =D30*K30*(1+C30)*(1+$C$15)*(1+$C$15)*(1+$C$15)*(1+$C$15)*(1+$C$15)*(1+$C$15) -> 0 | T30: =M30+N30+O30+P30+Q30+R30+S30 -> 0
M31: =D31*E31*(1+C31) -> 0 | N31: =D31*F31*(1+C31)*(1+$C$15) -> 0 | O31: =D31*G31*(1+C31)*(1+$C$15)*(1+$C$15) -> 0 | P31: =D31*H31*(1+C31)*(1+$C$15)*(1+$C$15)*(1+$C$15) -> 0 | Q31: =D31*I31*(1+C31)*(1+$C$15)*(1+$C$15)*(1+$C$15)*(1+$C$15) -> 0 | R31: =D31*J31*(1+C31)*(1+$C$15)*(1+$C$15)*(1+$C$15)*(1+$C$15)*(1+$C$15) -> 0 | S31: =D31*K31*(1+C31)*(1+$C$15)*(1+$C$15)*(1+$C$15)*(1+$C$15)*(1+$C$15)*(1+$C$15) -> 0 | T31: =M31+N31+O31+P31+Q31+R31+S31 -> 0
M32: =D32*E32*(1+C32) -> 0 | N32: =D32*F32*(1+C32)*(1+$C$15) -> 0 | O32: =D32*G32*(1+C32)*(1+$C$15)*(1+$C$15) -> 0 | P32: =D32*H32*(1+C32)*(1+$C$15)*(1+$C$15)*(1+$C$15) -> 0 | Q32: =D32*I32*(1+C32)*(1+$C$15)*(1+$C$15)*(1+$C$15)*(1+$C$15) -> 0 | R32: =D32*J32*(1+C32)*(1+$C$15)*(1+$C$15)*(1+$C$15)*(1+$C$15)*(1+$C$15) -> 0 | S32: =D32*K32*(1+C32)*(1+$C$15)*(1+$C$15)*(1+$C$15)*(1+$C$15)*(1+$C$15)*(1+$C$15) -> 0 | T32: =M32+N32+O32+P32+Q32+R32+S32 -> 0
M33: =D33*E33*(1+C33) -> 0 | N33: =D33*F33*(1+C33)*(1+$C$15) -> 0 | O33: =D33*G33*(1+C33)*(1+$C$15)*(1+$C$15) -> 0 | P33: =D33*H33*(1+C33)*(1+$C$15)*(1+$C$15)*(1+$C$15) -> 0 | Q33: =D33*I33*(1+C33)*(1+$C$15)*(1+$C$15)*(1+$C$15)*(1+$C$15) -> 0 | R33: =D33*J33*(1+C33)*(1+$C$15)*(1+$C$15)*(1+$C$15)*(1+$C$15)*(1+$C$15) -> 0 | S33: =D33*K33*(1+C33)*(1+$C$15)*(1+$C$15)*(1+$C$15)*(1+$C$15)*(1+$C$15)*(1+$C$15) -> 0 | T33: =M33+N33+O33+P33+Q33+R33+S33 -> 0
... M47: =D47*E47*(1+C47) -> 0 | N47: =D47*F47*(1+C47)*(1+$C$15) -> 0 | O47: =D47*G47*(1+C47)*(1+$C$15)*(1+$C$15) -> 0 | P47: =D47*H47*(1+C47)*(1+$C$15)*(1+$C$15)*(1+$C$15) -> 0 | Q47: =D47*I47*(1+C47)*(1+$C$15)*(1+$C$15)*(1+$C$15)*(1+$C$15) -> 0 | R47: =D47*J47*(1+C47)*(1+$C$15)*(1+$C$15)*(1+$C$15)*(1+$C$15)*(1+$C$15) -> 0 | S47: =D47*K47*(1+C47)*(1+$C$15)*(1+$C$15)*(1+$C$15)*(1+$C$15)*(1+$C$15)*(1+$C$15) -> 0 | T47: =M47+N47+O47+P47+Q47+R47+S47 -> 0
A48: <---- unhide additional rows if needed
A49: Personnel Subtotal | M49: =SUM(M19:M47) -> 0 | N49: =SUM(N19:N47) -> 0 | O49: =SUM(O19:O47) -> 0 | P49: =SUM(P19:P47) -> 0 | Q49: =SUM(Q19:Q47) -> 0 | R49: =SUM(R19:R47) -> 0 | S49: =SUM(S19:S47) -> 0 | T49: =SUM(T19:T47) -> 0
A51: TRAVEL | B51: Purpose of Trip | C51: Cost per Item | D51: # Items | E51: Additional Detail
T52: =M52+N52+O52+P52+Q52+R52+S52 -> 0
T53: =M53+N53+O53+P53+Q53+R53+S53 -> 0
T54: =M54+N54+O54+P54+Q54+R54+S54 -> 0
T55: =M55+N55+O55+P55+Q55+R55+S55 -> 0
T56: =M56+N56+O56+P56+Q56+R56+S56 -> 0
T57: =M57+N57+O57+P57+Q57+R57+S57 -> 0
T58: =M58+N58+O58+P58+Q58+R58+S58 -> 0
T59: =M59+N59+O59+P59+Q59+R59+S59 -> 0
T60: =M60+N60+O60+P60+Q60+R60+S60 -> 0
T61: =M61+N61+O61+P61+Q61+R61+S61 -> 0
T62: =M62+N62+O62+P62+Q62+R62+S62 -> 0
T63: =M63+N63+O63+P63+Q63+R63+S63 -> 0
... T94: =M94+N94+O94+P94+Q94+R94+S94 -> 0
A95: <---- unhide additional rows if needed
A96: Travel Subtotal | M96: =SUM(M52:M94) -> 0 | N96: =SUM(N52:N94) -> 0 | O96: =SUM(O52:O94) -> 0 | P96: =SUM(P52:P94) -> 0 | Q96: =SUM(Q52:Q94) -> 0 | R96: =SUM(R52:R94) -> 0 | S96: =SUM(S52:S94) -> 0 | T96: =SUM(T52:T94) -> 0
A99: OTHER DIRECT EXPENSES | B99: Purpose of Item | C99: Cost per Item | D99: Quantity | E99: Additional Detail
T100: =M100+N100+O100+P100+Q100+R100+S100 -> 0
T101: =M101+N101+O101+P101+Q101+R101+S101 -> 0
T102: =M102+N102+O102+P102+Q102+R102+S102 -> 0
T103: =M103+N103+O103+P103+Q103+R103+S103 -> 0
T104: =M104+N104+O104+P104+Q104+R104+S104 -> 0
T105: =M105+N105+O105+P105+Q105+R105+S105 -> 0
T106: =M106+N106+O106+P106+Q106+R106+S106 -> 0
T107: =M107+N107+O107+P107+Q107+R107+S107 -> 0
T108: =M108+N108+O108+P108+Q108+R108+S108 -> 0
T109: =M109+N109+O109+P109+Q109+R109+S109 -> 0
T110: =M110+N110+O110+P110+Q110+R110+S110 -> 0
T111: =M111+N111+O111+P111+Q111+R111+S111 -> 0
... T122: =M122+N122+O122+P122+Q122+R122+S122 -> 0
A123: <---- unhide additional rows if needed
A124: Other Direct Expenses Subtotal | M124: =SUM(M100:M122) -> 0 | N124: =SUM(N100:N122) -> 0 | O124: =SUM(O100:O122) -> 0 | P124: =SUM(P100:P122) -> 0 | Q124: =SUM(Q100:Q122) -> 0 | R124: =SUM(R100:R122) -> 0 | S124: =SUM(S100:S122) -> 0 | T124: =SUM(T100:T122) -> 0
A126: CONSULTANT / SUBCONTRACTOR EXPENSES | B126: Role / Purpose of Engagement | C126: Daily rate / Project Cost | D126: Quantity | E126: Additional Detail
T127: =M127+N127+O127+P127+Q127+R127+S127 -> 0
T128: =M128+N128+O128+P128+Q128+R128+S128 -> 0
T129: =M129+N129+O129+P129+Q129+R129+S129 -> 0
T130: =M130+N130+O130+P130+Q130+R130+S130 -> 0
T131: =M131+N131+O131+P131+Q131+R131+S131 -> 0
T132: =M132+N132+O132+P132+Q132+R132+S132 -> 0
T133: =M133+N133+O133+P133+Q133+R133+S133 -> 0
T134: =M134+N134+O134+P134+Q134+R134+S134 -> 0
T135: =M135+N135+O135+P135+Q135+R135+S135 -> 0
T136: =M136+N136+O136+P136+Q136+R136+S136 -> 0
T137: =M137+N137+O137+P137+Q137+R137+S137 -> 0
T138: =M138+N138+O138+P138+Q138+R138+S138 -> 0
... T166: =M166+N166+O166+P166+Q166+R166+S166 -> 0
A167: <---- unhide additional rows if needed
A168: Consultant/Subcontractor Subtotal | M168: =SUM(M127:M166) -> 0 | N168: =SUM(N127:N166) -> 0 | O168: =SUM(O127:O166) -> 0 | P168: =SUM(P127:P166) -> 0 | Q168: =SUM(Q127:Q166) -> 0 | R168: =SUM(R127:R166) -> 0 | S168: =SUM(S127:S166) -> 0 | T168: =SUM(T127:T166) -> 0
A170: TOTAL REQUEST | M170: =M49+M96+M124+M168 -> 0 | N170: =N49+N96+N124+N168 -> 0 | O170: =O49+O96+O124+O168 -> 0 | P170: =P49+P96+P124+P168 -> 0 | Q170: =Q49+Q96+Q124+Q168 -> 0 | R170: =R49+R96+R124+R168 -> 0 | S170: =S49+S96+S124+S168 -> 0 | T170: =T49+T96+T124+T168 -> 0

Sheet Financial Reporting RP1
A1: IGL Seed Grants: Lowering Barriers to High-Impact Experimental Research
A2: To complete only if a successful award is made
A4: Reporting Period
A6: Organisation Name | B6: ='Successful Award Budget'!B5
A7: Lead Personnel | B7: ='Successful Award Budget'!B6
A8: Proposal Title | B8: ='Successful Award Budget'!B7
A9: Award Amount (GBP) | B9: ='Successful Award Budget'!B8 -> 0
A11: Project Start Date | B11: ='Successful Award Budget'!B10
A12: Project End Date | B12: ='Successful Award Budget'!B11
A13: Project Duration (months) | B13: ='Successful Award Budget'!B12
A15: Actuals reported | B15: =T171 -> 0
A16: Remaining Balance | B16: =B9-B15 -> 0 | C16: Complete only cells in blue
A18: EXPENSE TYPE | B18: Expense Description | E18: Actuals | U18: Variation
A19: PERSONNEL | B19: Job Title | C19: Fringe % | D19: Salary | E19: Period 1 FTE | F19: Period 2 FTE | G19: Period 3 FTE | H19: Period 4 FTE% | I19: Period 5 FTE% | J19: Period 6 FTE% | K19: Period 7 FTE% | M19: Period 1 mm/dd/yy - mm/dd/yy | N19: Period 2 mm/dd/yy - mm/dd/yy | O19: Period 3 mm/dd/yy - mm/dd/yy | P19: Period 4 mm/dd/yy - mm/dd/yy | Q19: Period 5 mm/dd/yy - mm/dd/yy | R19: Period 6 mm/dd/yy - mm/dd/yy | S19: Period 7 mm/dd/yy - mm/dd/yy | U19: =M19 -> Period 1 mm/dd/yy - mm/dd/yy | V19: =N19 -> Period 2 mm/dd/yy - mm/dd/yy | W19: =O19 -> Period 3 mm/dd/yy - mm/dd/yy | X19: =P19 -> Period 4 mm/dd/yy - mm/dd/yy | Y19: =Q19 -> Period 5 mm/dd/yy - mm/dd/yy | Z19: =R19 -> Period 6 mm/dd/yy - mm/dd/yy | AA19: =S19 -> Period 7 mm/dd/yy - mm/dd/yy
A20: ='Successful Award Budget'!A19 | B20: ='Successful Award Budget'!B19 | C20: ='Successful Award Budget'!C19 | M20: =$D$20*E20*(1+$C$20) -> 0 | N20: =$D$20*F20*(1+$C$20) -> 0 | O20: =$D$20*G20*(1+$C$20) -> 0 | P20: =$D$20*H20*(1+$C$20) -> 0 | Q20: =$D$20*I20*(1+$C$20) -> 0 | R20: =$D$20*J20*(1+$C$20) -> 0 | S20: =$D$20*K20*(1+$C$20) -> 0 | T20: =M20+N20+O20+P20+Q20+R20+S20 -> 0 | U20: ='Successful Award Budget'!M19-M20 -> 0 | V20: ='Successful Award Budget'!N19-N20 -> 0 | W20: ='Successful Award Budget'!O19-O20 -> 0 | X20: ='Successful Award Budget'!P19-P20 -> 0 | Y20: ='Successful Award Budget'!Q19-Q20 -> 0 | Z20: ='Successful Award Budget'!R19-R20 -> 0 | AA20: ='Successful Award Budget'!S19-S20 -> 0 | AB20: =U20+V20+W20+X20+Y20+Z20+AA20 -> 0
A21: ='Successful Award Budget'!A20 | B21: ='Successful Award Budget'!B20 | C21: ='Successful Award Budget'!C20 | D21: ='Successful Award Budget'!D20 | M21: =$D$21*E21*(1+$C$21) -> 0 | N21: =$D$20*F21*(1+$C$20) -> 0 | O21: =$D$20*G21*(1+$C$20) -> 0 | P21: =$D$20*H21*(1+$C$20) -> 0 | Q21: =$D$20*I21*(1+$C$20) -> 0 | R21: =$D$20*J21*(1+$C$20) -> 0 | S21: =$D$20*K21*(1+$C$20) -> 0 | T21: =M21+N21+O21+P21+Q21+R21+S21 -> 0 | U21: ='Successful Award Budget'!M20-M21 -> 0 | V21: ='Successful Award Budget'!N20-N21 -> 0 | W21: ='Successful Award Budget'!O20-O21 -> 0 | X21: ='Successful Award Budget'!P20-P21 -> 0 | Y21: ='Successful Award Budget'!Q20-Q21 -> 0 | Z21: ='Successful Award Budget'!R20-R21 -> 0 | AA21: ='Successful Award Budget'!S20-S21 -> 0 | AB21: =U21+V21+W21+X21+Y21+Z21+AA21 -> 0
A22: ='Successful Award Budget'!A21 | B22: ='Successful Award Budget'!B21 | C22: ='Successful Award Budget'!C21 | D22: ='Successful Award Budget'!D21 | M22: =$D$22*E22*(1+$C$22) -> 0 | N22: =$D$20*F22*(1+$C$20) -> 0 | O22: =$D$20*G22*(1+$C$20) -> 0 | P22: =$D$20*H22*(1+$C$20) -> 0 | Q22: =$D$20*I22*(1+$C$20) -> 0 | R22: =$D$20*J22*(1+$C$20) -> 0 | S22: =$D$20*K22*(1+$C$20) -> 0 | T22: =M22+N22+O22+P22+Q22+R22+S22 -> 0 | U22: ='Successful Award Budget'!M21-M22 -> 0 | V22: ='Successful Award Budget'!N21-N22 -> 0 | W22: ='Successful Award Budget'!O21-O22 -> 0 | X22: ='Successful Award Budget'!P21-P22 -> 0 | Y22: ='Successful Award Budget'!Q21-Q22 -> 0 | Z22: ='Successful Award Budget'!R21-R22 -> 0 | AA22: ='Successful Award Budget'!S21-S22 -> 0 | AB22: =U22+V22+W22+X22+Y22+Z22+AA22 -> 0
A23: ='Successful Award Budget'!A22 | B23: ='Successful Award Budget'!B22 | C23: ='Successful Award Budget'!C22 | D23: ='Successful Award Budget'!D22 | M23: =D23*E23*(1+C23) -> 0 | N23: =$D$20*F23*(1+$C$20) -> 0 | O23: =$D$20*G23*(1+$C$20) -> 0 | P23: =$D$20*H23*(1+$C$20) -> 0 | Q23: =$D$20*I23*(1+$C$20) -> 0 | R23: =$D$20*J23*(1+$C$20) -> 0 | S23: =$D$20*K23*(1+$C$20) -> 0 | T23: =M23+N23+O23+P23+Q23+R23+S23 -> 0 | U23: ='Successful Award Budget'!M22-M23 -> 0 | V23: ='Successful Award Budget'!N22-N23 -> 0 | W23: ='Successful Award Budget'!O22-O23 -> 0 | X23: ='Successful Award Budget'!P22-P23 -> 0 | Y23: ='Successful Award Budget'!Q22-Q23 -> 0 | Z23: ='Successful Award Budget'!R22-R23 -> 0 | AA23: ='Successful Award Budget'!S22-S23 -> 0 | AB23: =U23+V23+W23+X23+Y23+Z23+AA23 -> 0
A24: ='Successful Award Budget'!A23 | B24: ='Successful Award Budget'!B23 | C24: ='Successful Award Budget'!C23 | D24: ='Successful Award Budget'!D23 | M24: =D24*E24*(1+C24) -> 0 | N24: =$D$20*F24*(1+$C$20) -> 0 | O24: =$D$20*G24*(1+$C$20) -> 0 | P24: =$D$20*H24*(1+$C$20) -> 0 | Q24: =$D$20*I24*(1+$C$20) -> 0 | R24: =$D$20*J24*(1+$C$20) -> 0 | S24: =$D$20*K24*(1+$C$20) -> 0 | T24: =M24+N24+O24+P24+Q24+R24+S24 -> 0 | U24: ='Successful Award Budget'!M23-M24 -> 0 | V24: ='Successful Award Budget'!N23-N24 -> 0 | W24: ='Successful Award Budget'!O23-O24 -> 0 | X24: ='Successful Award Budget'!P23-P24 -> 0 | Y24: ='Successful Award Budget'!Q23-Q24 -> 0 | Z24: ='Successful Award Budget'!R23-R24 -> 0 | AA24: ='Successful Award Budget'!S23-S24 -> 0 | AB24: =U24+V24+W24+X24+Y24+Z24+AA24 -> 0
A25: ='Successful Award Budget'!A24 | B25: ='Successful Award Budget'!B24 | C25: ='Successful Award Budget'!C24 | D25: ='Successful Award Budget'!D24 | M25: =D25*E25*(1+C25) -> 0 | N25: =$D$20*F25*(1+$C$20) -> 0 | O25: =$D$20*G25*(1+$C$20) -> 0 | P25: =$D$20*H25*(1+$C$20) -> 0 | Q25: =$D$20*I25*(1+$C$20) -> 0 | R25: =$D$20*J25*(1+$C$20) -> 0 | S25: =$D$20*K25*(1+$C$20) -> 0 | T25: =M25+N25+O25+P25+Q25+R25+S25 -> 0 | U25: ='Successful Award Budget'!M24-M25 -> 0 | V25: ='Successful Award Budget'!N24-N25 -> 0 | W25: ='Successful Award Budget'!O24-O25 -> 0 | X25: ='Successful Award Budget'!P24-P25 -> 0 | Y25: ='Successful Award Budget'!Q24-Q25 -> 0 | Z25: ='Successful Award Budget'!R24-R25 -> 0 | AA25: ='Successful Award Budget'!S24-S25 -> 0 | AB25: =U25+V25+W25+X25+Y25+Z25+AA25 -> 0
A26: ='Successful Award Budget'!A25 | B26: ='Successful Award Budget'!B25 | C26: ='Successful Award Budget'!C25 | D26: ='Successful Award Budget'!D25 | M26: =D26*E26*(1+C26) -> 0 | N26: =$D$20*F26*(1+$C$20) -> 0 | O26: =$D$20*G26*(1+$C$20) -> 0 | P26: =$D$20*H26*(1+$C$20) -> 0 | Q26: =$D$20*I26*(1+$C$20) -> 0 | R26: =$D$20*J26*(1+$C$20) -> 0 | S26: =$D$20*K26*(1+$C$20) -> 0 | T26: =M26+N26+O26+P26+Q26+R26+S26 -> 0 | U26: ='Successful Award Budget'!M25-M26 -> 0 | V26: ='Successful Award Budget'!N25-N26 -> 0 | W26: ='Successful Award Budget'!O25-O26 -> 0 | X26: ='Successful Award Budget'!P25-P26 -> 0 | Y26: ='Successful Award Budget'!Q25-Q26 -> 0 | Z26: ='Successful Award Budget'!R25-R26 -> 0 | AA26: ='Successful Award Budget'!S25-S26 -> 0 | AB26: =U26+V26+W26+X26+Y26+Z26+AA26 -> 0
A27: ='Successful Award Budget'!A26 | B27: ='Successful Award Budget'!B26 | C27: ='Successful Award Budget'!C26 | D27: ='Successful Award Budget'!D26 | M27: =D27*E27*(1+C27) -> 0 | N27: =$D$20*F27*(1+$C$20) -> 0 | O27: =$D$20*G27*(1+$C$20) -> 0 | P27: =$D$20*H27*(1+$C$20) -> 0 | Q27: =$D$20*I27*(1+$C$20) -> 0 | R27: =$D$20*J27*(1+$C$20) -> 0 | S27: =$D$20*K27*(1+$C$20) -> 0 | T27: =M27+N27+O27+P27+Q27+R27+S27 -> 0 | U27: ='Successful Award Budget'!M26-M27 -> 0 | V27: ='Successful Award Budget'!N26-N27 -> 0 | W27: ='Successful Award Budget'!O26-O27 -> 0 | X27: ='Successful Award Budget'!P26-P27 -> 0 | Y27: ='Successful Award Budget'!Q26-Q27 -> 0 | Z27: ='Successful Award Budget'!R26-R27 -> 0 | AA27: ='Successful Award Budget'!S26-S27 -> 0 | AB27: =U27+V27+W27+X27+Y27+Z27+AA27 -> 0
A28: ='Successful Award Budget'!A27 | B28: ='Successful Award Budget'!B27 | C28: ='Successful Award Budget'!C27 | D28: ='Successful Award Budget'!D27 | M28: =D28*E28*(1+C28) -> 0 | N28: =$D$20*F28*(1+$C$20) -> 0 | O28: =$D$20*G28*(1+$C$20) -> 0 | P28: =$D$20*H28*(1+$C$20) -> 0 | Q28: =$D$20*I28*(1+$C$20) -> 0 | R28: =$D$20*J28*(1+$C$20) -> 0 | S28: =$D$20*K28*(1+$C$20) -> 0 | T28: =M28+N28+O28+P28+Q28+R28+S28 -> 0 | U28: ='Successful Award Budget'!M27-M28 -> 0 | V28: ='Successful Award Budget'!N27-N28 -> 0 | W28: ='Successful Award Budget'!O27-O28 -> 0 | X28: ='Successful Award Budget'!P27-P28 -> 0 | Y28: ='Successful Award Budget'!Q27-Q28 -> 0 | Z28: ='Successful Award Budget'!R27-R28 -> 0 | AA28: ='Successful Award Budget'!S27-S28 -> 0 | AB28: =U28+V28+W28+X28+Y28+Z28+AA28 -> 0
A29: ='Successful Award Budget'!A28 | B29: ='Successful Award Budget'!B28 | C29: ='Successful Award Budget'!C28 | D29: ='Successful Award Budget'!D28 | M29: =D29*E29*(1+C29) -> 0 | N29: =$D$20*F29*(1+$C$20) -> 0 | O29: =$D$20*G29*(1+$C$20) -> 0 | P29: =$D$20*H29*(1+$C$20) -> 0 | Q29: =$D$20*I29*(1+$C$20) -> 0 | R29: =$D$20*J29*(1+$C$20) -> 0 | S29: =$D$20*K29*(1+$C$20) -> 0 | T29: =M29+N29+O29+P29+Q29+R29+S29 -> 0 | U29: ='Successful Award Budget'!M28-M29 -> 0 | V29: ='Successful Award Budget'!N28-N29 -> 0 | W29: ='Successful Award Budget'!O28-O29 -> 0 | X29: ='Successful Award Budget'!P28-P29 -> 0 | Y29: ='Successful Award Budget'!Q28-Q29 -> 0 | Z29: ='Successful Award Budget'!R28-R29 -> 0 | AA29: ='Successful Award Budget'!S28-S29 -> 0 | AB29: =U29+V29+W29+X29+Y29+Z29+AA29 -> 0
A30: ='Successful Award Budget'!A29 | B30: ='Successful Award Budget'!B29 | C30: ='Successful Award Budget'!C29 | D30: ='Successful Award Budget'!D29 | M30: =D30*E30*(1+C30) -> 0 | N30: =$D$20*F30*(1+$C$20) -> 0 | O30: =$D$20*G30*(1+$C$20) -> 0 | P30: =$D$20*H30*(1+$C$20) -> 0 | Q30: =$D$20*I30*(1+$C$20) -> 0 | R30: =$D$20*J30*(1+$C$20) -> 0 | S30: =$D$20*K30*(1+$C$20) -> 0 | T30: =M30+N30+O30+P30+Q30+R30+S30 -> 0 | U30: ='Successful Award Budget'!M29-M30 -> 0 | V30: ='Successful Award Budget'!N29-N30 -> 0 | W30: ='Successful Award Budget'!O29-O30 -> 0 | X30: ='Successful Award Budget'!P29-P30 -> 0 | Y30: ='Successful Award Budget'!Q29-Q30 -> 0 | Z30: ='Successful Award Budget'!R29-R30 -> 0 | AA30: ='Successful Award Budget'!S29-S30 -> 0 | AB30: =U30+V30+W30+X30+Y30+Z30+AA30 -> 0
A31: ='Successful Award Budget'!A30 | B31: ='Successful Award Budget'!B30 | C31: ='Successful Award Budget'!C30 | D31: ='Successful Award Budget'!D30 | M31: =D31*E31*(1+C31) -> 0 | N31: =$D$20*F31*(1+$C$20) -> 0 | O31: =$D$20*G31*(1+$C$20) -> 0 | P31: =$D$20*H31*(1+$C$20) -> 0 | Q31: =$D$20*I31*(1+$C$20) -> 0 | R31: =$D$20*J31*(1+$C$20) -> 0 | S31: =$D$20*K31*(1+$C$20) -> 0 | T31: =M31+N31+O31+P31+Q31+R31+S31 -> 0 | U31: ='Successful Award Budget'!M30-M31 -> 0 | V31: ='Successful Award Budget'!N30-N31 -> 0 | W31: ='Successful Award Budget'!O30-O31 -> 0 | X31: ='Successful Award Budget'!P30-P31 -> 0 | Y31: ='Successful Award Budget'!Q30-Q31 -> 0 | Z31: ='Successful Award Budget'!R30-R31 -> 0 | AA31: ='Successful Award Budget'!S30-S31 -> 0 | AB31: =U31+V31+W31+X31+Y31+Z31+AA31 -> 0
A32: ='Successful Award Budget'!A31 | B32: ='Successful Award Budget'!B31 | C32: ='Successful Award Budget'!C31 | D32: ='Successful Award Budget'!D31 | M32: =D32*E32*(1+C32) -> 0 | N32: =$D$20*F32*(1+$C$20) -> 0 | O32: =$D$20*G32*(1+$C$20) -> 0 | P32: =$D$20*H32*(1+$C$20) -> 0 | Q32: =$D$20*I32*(1+$C$20) -> 0 | R32: =$D$20*J32*(1+$C$20) -> 0 | S32: =$D$20*K32*(1+$C$20) -> 0 | T32: =M32+N32+O32+P32+Q32+R32+S32 -> 0 | U32: ='Successful Award Budget'!M31-M32 -> 0 | V32: ='Successful Award Budget'!N31-N32 -> 0 | W32: ='Successful Award Budget'!O31-O32 -> 0 | X32: ='Successful Award Budget'!P31-P32 -> 0 | Y32: ='Successful Award Budget'!Q31-Q32 -> 0 | Z32: ='Successful Award Budget'!R31-R32 -> 0 | AA32: ='Successful Award Budget'!S31-S32 -> 0 | AB32: =U32+V32+W32+X32+Y32+Z32+AA32 -> 0
A33: ='Successful Award Budget'!A32 | B33: ='Successful Award Budget'!B32 | C33: ='Successful Award Budget'!C32 | D33: ='Successful Award Budget'!D32 | M33: =D33*E33*(1+C33) -> 0 | N33: =$D$20*F33*(1+$C$20) -> 0 | O33: =$D$20*G33*(1+$C$20) -> 0 | P33: =$D$20*H33*(1+$C$20) -> 0 | Q33: =$D$20*I33*(1+$C$20) -> 0 | R33: =$D$20*J33*(1+$C$20) -> 0 | S33: =$D$20*K33*(1+$C$20) -> 0 | T33: =M33+N33+O33+P33+Q33+R33+S33 -> 0 | U33: ='Successful Award Budget'!M32-M33 -> 0 | V33: ='Successful Award Budget'!N32-N33 -> 0 | W33: ='Successful Award Budget'!O32-O33 -> 0 | X33: ='Successful Award Budget'!P32-P33 -> 0 | Y33: ='Successful Award Budget'!Q32-Q33 -> 0 | Z33: ='Successful Award Budget'!R32-R33 -> 0 | AA33: ='Successful Award Budget'!S32-S33 -> 0 | AB33: =U33+V33+W33+X33+Y33+Z33+AA33 -> 0
A34: ='Successful Award Budget'!A33 | B34: ='Successful Award Budget'!B33 | C34: ='Successful Award Budget'!C33 | D34: ='Successful Award Budget'!D33 | M34: =D34*E34*(1+C34) -> 0 | N34: =$D$20*F34*(1+$C$20) -> 0 | O34: =$D$20*G34*(1+$C$20) -> 0 | P34: =$D$20*H34*(1+$C$20) -> 0 | Q34: =$D$20*I34*(1+$C$20) -> 0 | R34: =$D$20*J34*(1+$C$20) -> 0 | S34: =$D$20*K34*(1+$C$20) -> 0 | T34: =M34+N34+O34+P34+Q34+R34+S34 -> 0 | U34: ='Successful Award Budget'!M33-M34 -> 0 | V34: ='Successful Award Budget'!N33-N34 -> 0 | W34: ='Successful Award Budget'!O33-O34 -> 0 | X34: ='Successful Award Budget'!P33-P34 -> 0 | Y34: ='Successful Award Budget'!Q33-Q34 -> 0 | Z34: ='Successful Award Budget'!R33-R34 -> 0 | AA34: ='Successful Award Budget'!S33-S34 -> 0 | AB34: =U34+V34+W34+X34+Y34+Z34+AA34 -> 0
... A48: ='Successful Award Budget'!A47 | B48: ='Successful Award Budget'!B47 | C48: ='Successful Award Budget'!C47 | D48: ='Successful Award Budget'!D47 | M48: =D48*E48*(1+C48) -> 0 | N48: =$D$20*F48*(1+$C$20) -> 0 | O48: =$D$20*G48*(1+$C$20) -> 0 | P48: =$D$20*H48*(1+$C$20) -> 0 | Q48: =$D$20*I48*(1+$C$20) -> 0 | R48: =$D$20*J48*(1+$C$20) -> 0 | S48: =$D$20*K48*(1+$C$20) -> 0 | T48: =M48+N48+O48+P48+Q48+R48+S48 -> 0 | U48: ='Successful Award Budget'!M47-M48 -> 0 | V48: ='Successful Award Budget'!N47-N48 -> 0 | W48: ='Successful Award Budget'!O47-O48 -> 0 | X48: ='Successful Award Budget'!P47-P48 -> 0 | Y48: ='Successful Award Budget'!Q47-Q48 -> 0 | Z48: ='Successful Award Budget'!R47-R48 -> 0 | AA48: ='Successful Award Budget'!S47-S48 -> 0 | AB48: =U48+V48+W48+X48+Y48+Z48+AA48 -> 0
A49: <---- unhide additional rows if needed
A50: Personnel Subtotal | M50: =SUM(M20:M48) -> 0 | N50: =SUM(N20:N48) -> 0 | O50: =SUM(O20:O48) -> 0 | P50: =SUM(P20:P48) -> 0 | Q50: =SUM(Q20:Q48) -> 0 | R50: =SUM(R20:R48) -> 0 | S50: =SUM(S20:S48) -> 0 | T50: =SUM(T20:T48) -> 0 | ... AB50: =SUM(AB20:AB48) -> 0
A52: TRAVEL | B52: Purpose of Trip | C52: Cost per Item | D52: # Items | E52: Additional Detail | M52: =M19 -> Period 1 mm/dd/yy - mm/dd/yy | N52: =N19 -> Period 2 mm/dd/yy - mm/dd/yy | O52: =O19 -> Period 3 mm/dd/yy - mm/dd/yy | P52: =P19 -> Period 4 mm/dd/yy - mm/dd/yy | Q52: =Q19 -> Period 5 mm/dd/yy - mm/dd/yy | R52: =R19 -> Period 6 mm/dd/yy - mm/dd/yy | S52: =S19 -> Period 7 mm/dd/yy - mm/dd/yy | T52: =T19 | U52: =M52 -> Period 1 mm/dd/yy - mm/dd/yy | V52: =N52 -> Period 2 mm/dd/yy - mm/dd/yy | W52: =O52 -> Period 3 mm/dd/yy - mm/dd/yy | X52: =P52 -> Period 4 mm/dd/yy - mm/dd/yy | Y52: =Q52 -> Period 5 mm/dd/yy - mm/dd/yy | Z52: =R52 -> Period 6 mm/dd/yy - mm/dd/yy | AA52: =S52 -> Period 7 mm/dd/yy - mm/dd/yy
A53: ='Successful Award Budget'!A52 | B53: ='Successful Award Budget'!B52 | T53: =M53+N53+O53+P53+Q53+R53+S53 -> 0 | U53: ='Successful Award Budget'!M52-M53 -> 0 | V53: ='Successful Award Budget'!N52-N53 -> 0 | W53: ='Successful Award Budget'!O52-O53 -> 0 | X53: ='Successful Award Budget'!P52-P53 -> 0 | Y53: ='Successful Award Budget'!Q52-Q53 -> 0 | Z53: ='Successful Award Budget'!R52-R53 -> 0 | AA53: ='Successful Award Budget'!S52-S53 -> 0 | AB53: =U53+V53+W53+X53+Y53+Z53+AA53 -> 0
A54: ='Successful Award Budget'!A53 | B54: ='Successful Award Budget'!B53 | T54: =M54+N54+O54+P54+Q54+R54+S54 -> 0 | U54: ='Successful Award Budget'!M53-M54 -> 0 | V54: ='Successful Award Budget'!N53-N54 -> 0 | W54: ='Successful Award Budget'!O53-O54 -> 0 | X54: ='Successful Award Budget'!P53-P54 -> 0 | Y54: ='Successful Award Budget'!Q53-Q54 -> 0 | Z54: ='Successful Award Budget'!R53-R54 -> 0 | AA54: ='Successful Award Budget'!S53-S54 -> 0 | AB54: =U54+V54+W54+X54+Y54+Z54+AA54 -> 0
A55: ='Successful Award Budget'!A54 | B55: ='Successful Award Budget'!B54 | T55: =M55+N55+O55+P55+Q55+R55+S55 -> 0 | U55: ='Successful Award Budget'!M54-M55 -> 0 | V55: ='Successful Award Budget'!N54-N55 -> 0 | W55: ='Successful Award Budget'!O54-O55 -> 0 | X55: ='Successful Award Budget'!P54-P55 -> 0 | Y55: ='Successful Award Budget'!Q54-Q55 -> 0 | Z55: ='Successful Award Budget'!R54-R55 -> 0 | AA55: ='Successful Award Budget'!S54-S55 -> 0 | AB55: =U55+V55+W55+X55+Y55+Z55+AA55 -> 0
A56: ='Successful Award Budget'!A55 | B56: ='Successful Award Budget'!B55 | T56: =M56+N56+O56+P56+Q56+R56+S56 -> 0 | U56: ='Successful Award Budget'!M55-M56 -> 0 | V56: ='Successful Award Budget'!N55-N56 -> 0 | W56: ='Successful Award Budget'!O55-O56 -> 0 | X56: ='Successful Award Budget'!P55-P56 -> 0 | Y56: ='Successful Award Budget'!Q55-Q56 -> 0 | Z56: ='Successful Award Budget'!R55-R56 -> 0 | AA56: ='Successful Award Budget'!S55-S56 -> 0 | AB56: =U56+V56+W56+X56+Y56+Z56+AA56 -> 0
A57: ='Successful Award Budget'!A56 | B57: ='Successful Award Budget'!B56 | T57: =M57+N57+O57+P57+Q57+R57+S57 -> 0 | U57: ='Successful Award Budget'!M56-M57 -> 0 | V57: ='Successful Award Budget'!N56-N57 -> 0 | W57: ='Successful Award Budget'!O56-O57 -> 0 | X57: ='Successful Award Budget'!P56-P57 -> 0 | Y57: ='Successful Award Budget'!Q56-Q57 -> 0 | Z57: ='Successful Award Budget'!R56-R57 -> 0 | AA57: ='Successful Award Budget'!S56-S57 -> 0 | AB57: =U57+V57+W57+X57+Y57+Z57+AA57 -> 0
A58: ='Successful Award Budget'!A57 | B58: ='Successful Award Budget'!B57 | T58: =M58+N58+O58+P58+Q58+R58+S58 -> 0 | U58: ='Successful Award Budget'!M57-M58 -> 0 | V58: ='Successful Award Budget'!N57-N58 -> 0 | W58: ='Successful Award Budget'!O57-O58 -> 0 | X58: ='Successful Award Budget'!P57-P58 -> 0 | Y58: ='Successful Award Budget'!Q57-Q58 -> 0 | Z58: ='Successful Award Budget'!R57-R58 -> 0 | AA58: ='Successful Award Budget'!S57-S58 -> 0 | AB58: =U58+V58+W58+X58+Y58+Z58+AA58 -> 0
A59: ='Successful Award Budget'!A58 | B59: ='Successful Award Budget'!B58 | T59: =M59+N59+O59+P59+Q59+R59+S59 -> 0 | U59: ='Successful Award Budget'!M58-M59 -> 0 | V59: ='Successful Award Budget'!N58-N59 -> 0 | W59: ='Successful Award Budget'!O58-O59 -> 0 | X59: ='Successful Award Budget'!P58-P59 -> 0 | Y59: ='Successful Award Budget'!Q58-Q59 -> 0 | Z59: ='Successful Award Budget'!R58-R59 -> 0 | AA59: ='Successful Award Budget'!S58-S59 -> 0 | AB59: =U59+V59+W59+X59+Y59+Z59+AA59 -> 0
A60: ='Successful Award Budget'!A59 | B60: ='Successful Award Budget'!B59 | T60: =M60+N60+O60+P60+Q60+R60+S60 -> 0 | U60: ='Successful Award Budget'!M59-M60 -> 0 | V60: ='Successful Award Budget'!N59-N60 -> 0 | W60: ='Successful Award Budget'!O59-O60 -> 0 | X60: ='Successful Award Budget'!P59-P60 -> 0 | Y60: ='Successful Award Budget'!Q59-Q60 -> 0 | Z60: ='Successful Award Budget'!R59-R60 -> 0 | AA60: ='Successful Award Budget'!S59-S60 -> 0 | AB60: =U60+V60+W60+X60+Y60+Z60+AA60 -> 0
A61: ='Successful Award Budget'!A60 | B61: ='Successful Award Budget'!B60 | T61: =M61+N61+O61+P61+Q61+R61+S61 -> 0 | U61: ='Successful Award Budget'!M60-M61 -> 0 | V61: ='Successful Award Budget'!N60-N61 -> 0 | W61: ='Successful Award Budget'!O60-O61 -> 0 | X61: ='Successful Award Budget'!P60-P61 -> 0 | Y61: ='Successful Award Budget'!Q60-Q61 -> 0 | Z61: ='Successful Award Budget'!R60-R61 -> 0 | AA61: ='Successful Award Budget'!S60-S61 -> 0 | AB61: =U61+V61+W61+X61+Y61+Z61+AA61 -> 0
A62: ='Successful Award Budget'!A61 | B62: ='Successful Award Budget'!B61 | T62: =M62+N62+O62+P62+Q62+R62+S62 -> 0 | U62: ='Successful Award Budget'!M61-M62 -> 0 | V62: ='Successful Award Budget'!N61-N62 -> 0 | W62: ='Successful Award Budget'!O61-O62 -> 0 | X62: ='Successful Award Budget'!P61-P62 -> 0 | Y62: ='Successful Award Budget'!Q61-Q62 -> 0 | Z62: ='Successful Award Budget'!R61-R62 -> 0 | AA62: ='Successful Award Budget'!S61-S62 -> 0 | AB62: =U62+V62+W62+X62+Y62+Z62+AA62 -> 0
A63: ='Successful Award Budget'!A62 | B63: ='Successful Award Budget'!B62 | T63: =M63+N63+O63+P63+Q63+R63+S63 -> 0 | U63: ='Successful Award Budget'!M62-M63 -> 0 | V63: ='Successful Award Budget'!N62-N63 -> 0 | W63: ='Successful Award Budget'!O62-O63 -> 0 | X63: ='Successful Award Budget'!P62-P63 -> 0 | Y63: ='Successful Award Budget'!Q62-Q63 -> 0 | Z63: ='Successful Award Budget'!R62-R63 -> 0 | AA63: ='Successful Award Budget'!S62-S63 -> 0 | AB63: =U63+V63+W63+X63+Y63+Z63+AA63 -> 0
A64: ='Successful Award Budget'!A63 | B64: ='Successful Award Budget'!B63 | T64: =M64+N64+O64+P64+Q64+R64+S64 -> 0 | U64: ='Successful Award Budget'!M63-M64 -> 0 | V64: ='Successful Award Budget'!N63-N64 -> 0 | W64: ='Successful Award Budget'!O63-O64 -> 0 | X64: ='Successful Award Budget'!P63-P64 -> 0 | Y64: ='Successful Award Budget'!Q63-Q64 -> 0 | Z64: ='Successful Award Budget'!R63-R64 -> 0 | AA64: ='Successful Award Budget'!S63-S64 -> 0 | AB64: =U64+V64+W64+X64+Y64+Z64+AA64 -> 0
... A95: ='Successful Award Budget'!A94 | B95: ='Successful Award Budget'!B94 | T95: =M95+N95+O95+P95+Q95+R95+S95 -> 0 | U95: ='Successful Award Budget'!M94-M95 -> 0 | V95: ='Successful Award Budget'!N94-N95 -> 0 | W95: ='Successful Award Budget'!O94-O95 -> 0 | X95: ='Successful Award Budget'!P94-P95 -> 0 | Y95: ='Successful Award Budget'!Q94-Q95 -> 0 | Z95: ='Successful Award Budget'!R94-R95 -> 0 | AA95: ='Successful Award Budget'!S94-S95 -> 0 | AB95: =U95+V95+W95+X95+Y95+Z95+AA95 -> 0
A96: <---- unhide additional rows if needed
A97: Travel Subtotal | M97: =SUM(M53:M95) -> 0 | N97: =SUM(N53:N95) -> 0 | O97: =SUM(O53:O95) -> 0 | P97: =SUM(P53:P95) -> 0 | Q97: =SUM(Q53:Q95) -> 0 | R97: =SUM(R53:R95) -> 0 | S97: =SUM(S53:S95) -> 0 | T97: =SUM(T53:T95) -> 0 | ... AB97: =SUM(AB53:AB95) -> 0
A100: OTHER DIRECT EXPENSES | B100: Purpose of Item | C100: Cost per Item | D100: Quantity | E100: Additional Detail | M100: =M19 -> Period 1 mm/dd/yy - mm/dd/yy | N100: =N19 -> Period 2 mm/dd/yy - mm/dd/yy | O100: =O19 -> Period 3 mm/dd/yy - mm/dd/yy | P100: =P19 -> Period 4 mm/dd/yy - mm/dd/yy | Q100: =Q19 -> Period 5 mm/dd/yy - mm/dd/yy | R100: =R19 -> Period 6 mm/dd/yy - mm/dd/yy | S100: =S19 -> Period 7 mm/dd/yy - mm/dd/yy | U100: =M100 -> Period 1 mm/dd/yy - mm/dd/yy | V100: =N100 -> Period 2 mm/dd/yy - mm/dd/yy | W100: =O100 -> Period 3 mm/dd/yy - mm/dd/yy | X100: =P100 -> Period 4 mm/dd/yy - mm/dd/yy | Y100: =Q100 -> Period 5 mm/dd/yy - mm/dd/yy | Z100: =R100 -> Period 6 mm/dd/yy - mm/dd/yy | AA100: =S100 -> Period 7 mm/dd/yy - mm/dd/yy
A101: ='Successful Award Budget'!A100 | T101: =M101+N101+O101+P101+Q101+R101+S101 -> 0 | U101: ='Successful Award Budget'!M100-M101 -> 0 | V101: ='Successful Award Budget'!N100-N101 -> 0 | W101: ='Successful Award Budget'!O100-O101 -> 0 | X101: ='Successful Award Budget'!P100-P101 -> 0 | Y101: ='Successful Award Budget'!Q100-Q101 -> 0 | Z101: ='Successful Award Budget'!R100-R101 -> 0 | AA101: ='Successful Award Budget'!S100-S101 -> 0 | AB101: =U101+V101+W101+X101+Y101+Z101+AA101 -> 0
A102: ='Successful Award Budget'!A101 | T102: =M102+N102+O102+P102+Q102+R102+S102 -> 0 | U102: ='Successful Award Budget'!M101-M102 -> 0 | V102: ='Successful Award Budget'!N101-N102 -> 0 | W102: ='Successful Award Budget'!O101-O102 -> 0 | X102: ='Successful Award Budget'!P101-P102 -> 0 | Y102: ='Successful Award Budget'!Q101-Q102 -> 0 | Z102: ='Successful Award Budget'!R101-R102 -> 0 | AA102: ='Successful Award Budget'!S101-S102 -> 0 | AB102: =U102+V102+W102+X102+Y102+Z102+AA102 -> 0
A103: ='Successful Award Budget'!A102 | T103: =M103+N103+O103+P103+Q103+R103+S103 -> 0 | U103: ='Successful Award Budget'!M102-M103 -> 0 | V103: ='Successful Award Budget'!N102-N103 -> 0 | W103: ='Successful Award Budget'!O102-O103 -> 0 | X103: ='Successful Award Budget'!P102-P103 -> 0 | Y103: ='Successful Award Budget'!Q102-Q103 -> 0 | Z103: ='Successful Award Budget'!R102-R103 -> 0 | AA103: ='Successful Award Budget'!S102-S103 -> 0 | AB103: =U103+V103+W103+X103+Y103+Z103+AA103 -> 0
A104: ='Successful Award Budget'!A103 | T104: =M104+N104+O104+P104+Q104+R104+S104 -> 0 | U104: ='Successful Award Budget'!M103-M104 -> 0 | V104: ='Successful Award Budget'!N103-N104 -> 0 | W104: ='Successful Award Budget'!O103-O104 -> 0 | X104: ='Successful Award Budget'!P103-P104 -> 0 | Y104: ='Successful Award Budget'!Q103-Q104 -> 0 | Z104: ='Successful Award Budget'!R103-R104 -> 0 | AA104: ='Successful Award Budget'!S103-S104 -> 0 | AB104: =U104+V104+W104+X104+Y104+Z104+AA104 -> 0
A105: ='Successful Award Budget'!A104 | B105: ='Successful Award Budget'!B104 | T105: =M105+N105+O105+P105+Q105+R105+S105 -> 0 | U105: ='Successful Award Budget'!M104-M105 -> 0 | V105: ='Successful Award Budget'!N104-N105 -> 0 | W105: ='Successful Award Budget'!O104-O105 -> 0 | X105: ='Successful Award Budget'!P104-P105 -> 0 | Y105: ='Successful Award Budget'!Q104-Q105 -> 0 | Z105: ='Successful Award Budget'!R104-R105 -> 0 | AA105: ='Successful Award Budget'!S104-S105 -> 0 | AB105: =U105+V105+W105+X105+Y105+Z105+AA105 -> 0
A106: ='Successful Award Budget'!A105 | B106: ='Successful Award Budget'!B105 | T106: =M106+N106+O106+P106+Q106+R106+S106 -> 0 | U106: ='Successful Award Budget'!M105-M106 -> 0 | V106: ='Successful Award Budget'!N105-N106 -> 0 | W106: ='Successful Award Budget'!O105-O106 -> 0 | X106: ='Successful Award Budget'!P105-P106 -> 0 | Y106: ='Successful Award Budget'!Q105-Q106 -> 0 | Z106: ='Successful Award Budget'!R105-R106 -> 0 | AA106: ='Successful Award Budget'!S105-S106 -> 0 | AB106: =U106+V106+W106+X106+Y106+Z106+AA106 -> 0
A107: ='Successful Award Budget'!A106 | B107: ='Successful Award Budget'!B106 | T107: =M107+N107+O107+P107+Q107+R107+S107 -> 0 | U107: ='Successful Award Budget'!M106-M107 -> 0 | V107: ='Successful Award Budget'!N106-N107 -> 0 | W107: ='Successful Award Budget'!O106-O107 -> 0 | X107: ='Successful Award Budget'!P106-P107 -> 0 | Y107: ='Successful Award Budget'!Q106-Q107 -> 0 | Z107: ='Successful Award Budget'!R106-R107 -> 0 | AA107: ='Successful Award Budget'!S106-S107 -> 0 | AB107: =U107+V107+W107+X107+Y107+Z107+AA107 -> 0
A108: ='Successful Award Budget'!A107 | B108: ='Successful Award Budget'!B107 | T108: =M108+N108+O108+P108+Q108+R108+S108 -> 0 | U108: ='Successful Award Budget'!M107-M108 -> 0 | V108: ='Successful Award Budget'!N107-N108 -> 0 | W108: ='Successful Award Budget'!O107-O108 -> 0 | X108: ='Successful Award Budget'!P107-P108 -> 0 | Y108: ='Successful Award Budget'!Q107-Q108 -> 0 | Z108: ='Successful Award Budget'!R107-R108 -> 0 | AA108: ='Successful Award Budget'!S107-S108 -> 0 | AB108: =U108+V108+W108+X108+Y108+Z108+AA108 -> 0
A109: ='Successful Award Budget'!A108 | B109: ='Successful Award Budget'!B108 | T109: =M109+N109+O109+P109+Q109+R109+S109 -> 0 | U109: ='Successful Award Budget'!M108-M109 -> 0 | V109: ='Successful Award Budget'!N108-N109 -> 0 | W109: ='Successful Award Budget'!O108-O109 -> 0 | X109: ='Successful Award Budget'!P108-P109 -> 0 | Y109: ='Successful Award Budget'!Q108-Q109 -> 0 | Z109: ='Successful Award Budget'!R108-R109 -> 0 | AA109: ='Successful Award Budget'!S108-S109 -> 0 | AB109: =U109+V109+W109+X109+Y109+Z109+AA109 -> 0
A110: ='Successful Award Budget'!A109 | B110: ='Successful Award Budget'!B109 | T110: =M110+N110+O110+P110+Q110+R110+S110 -> 0 | U110: ='Successful Award Budget'!M109-M110 -> 0 | V110: ='Successful Award Budget'!N109-N110 -> 0 | W110: ='Successful Award Budget'!O109-O110 -> 0 | X110: ='Successful Award Budget'!P109-P110 -> 0 | Y110: ='Successful Award Budget'!Q109-Q110 -> 0 | Z110: ='Successful Award Budget'!R109-R110 -> 0 | AA110: ='Successful Award Budget'!S109-S110 -> 0 | AB110: =U110+V110+W110+X110+Y110+Z110+AA110 -> 0
A111: ='Successful Award Budget'!A110 | B111: ='Successful Award Budget'!B110 | T111: =M111+N111+O111+P111+Q111+R111+S111 -> 0 | U111: ='Successful Award Budget'!M110-M111 -> 0 | V111: ='Successful Award Budget'!N110-N111 -> 0 | W111: ='Successful Award Budget'!O110-O111 -> 0 | X111: ='Successful Award Budget'!P110-P111 -> 0 | Y111: ='Successful Award Budget'!Q110-Q111 -> 0 | Z111: ='Successful Award Budget'!R110-R111 -> 0 | AA111: ='Successful Award Budget'!S110-S111 -> 0 | AB111: =U111+V111+W111+X111+Y111+Z111+AA111 -> 0
A112: ='Successful Award Budget'!A111 | B112: ='Successful Award Budget'!B111 | T112: =M112+N112+O112+P112+Q112+R112+S112 -> 0 | U112: ='Successful Award Budget'!M111-M112 -> 0 | V112: ='Successful Award Budget'!N111-N112 -> 0 | W112: ='Successful Award Budget'!O111-O112 -> 0 | X112: ='Successful Award Budget'!P111-P112 -> 0 | Y112: ='Successful Award Budget'!Q111-Q112 -> 0 | Z112: ='Successful Award Budget'!R111-R112 -> 0 | AA112: ='Successful Award Budget'!S111-S112 -> 0 | AB112: =U112+V112+W112+X112+Y112+Z112+AA112 -> 0
A113: ='Successful Award Budget'!A112 | B113: ='Successful Award Budget'!B112 | T113: =M113+N113+O113+P113+Q113+R113+S113 -> 0 | U113: ='Successful Award Budget'!M112-M113 -> 0 | V113: ='Successful Award Budget'!N112-N113 -> 0 | W113: ='Successful Award Budget'!O112-O113 -> 0 | X113: ='Successful Award Budget'!P112-P113 -> 0 | Y113: ='Successful Award Budget'!Q112-Q113 -> 0 | Z113: ='Successful Award Budget'!R112-R113 -> 0 | AA113: ='Successful Award Budget'!S112-S113 -> 0 | AB113: =U113+V113+W113+X113+Y113+Z113+AA113 -> 0
A114: ='Successful Award Budget'!A113 | B114: ='Successful Award Budget'!B113 | T114: =M114+N114+O114+P114+Q114+R114+S114 -> 0 | U114: ='Successful Award Budget'!M113-M114 -> 0 | V114: ='Successful Award Budget'!N113-N114 -> 0 | W114: ='Successful Award Budget'!O113-O114 -> 0 | X114: ='Successful Award Budget'!P113-P114 -> 0 | Y114: ='Successful Award Budget'!Q113-Q114 -> 0 | Z114: ='Successful Award Budget'!R113-R114 -> 0 | AA114: ='Successful Award Budget'!S113-S114 -> 0 | AB114: =U114+V114+W114+X114+Y114+Z114+AA114 -> 0
A115: ='Successful Award Budget'!A114 | B115: ='Successful Award Budget'!B114 | T115: =M115+N115+O115+P115+Q115+R115+S115 -> 0 | U115: ='Successful Award Budget'!M114-M115 -> 0 | V115: ='Successful Award Budget'!N114-N115 -> 0 | W115: ='Successful Award Budget'!O114-O115 -> 0 | X115: ='Successful Award Budget'!P114-P115 -> 0 | Y115: ='Successful Award Budget'!Q114-Q115 -> 0 | Z115: ='Successful Award Budget'!R114-R115 -> 0 | AA115: ='Successful Award Budget'!S114-S115 -> 0 | AB115: =U115+V115+W115+X115+Y115+Z115+AA115 -> 0
A116: ='Successful Award Budget'!A115 | B116: ='Successful Award Budget'!B115 | T116: =M116+N116+O116+P116+Q116+R116+S116 -> 0 | U116: ='Successful Award Budget'!M115-M116 -> 0 | V116: ='Successful Award Budget'!N115-N116 -> 0 | W116: ='Successful Award Budget'!O115-O116 -> 0 | X116: ='Successful Award Budget'!P115-P116 -> 0 | Y116: ='Successful Award Budget'!Q115-Q116 -> 0 | Z116: ='Successful Award Budget'!R115-R116 -> 0 | AA116: ='Successful Award Budget'!S115-S116 -> 0 | AB116: =U116+V116+W116+X116+Y116+Z116+AA116 -> 0
... A123: ='Successful Award Budget'!A122 | B123: ='Successful Award Budget'!B122 | T123: =M123+N123+O123+P123+Q123+R123+S123 -> 0 | U123: ='Successful Award Budget'!M122-M123 -> 0 | V123: ='Successful Award Budget'!N122-N123 -> 0 | W123: ='Successful Award Budget'!O122-O123 -> 0 | X123: ='Successful Award Budget'!P122-P123 -> 0 | Y123: ='Successful Award Budget'!Q122-Q123 -> 0 | Z123: ='Successful Award Budget'!R122-R123 -> 0 | AA123: ='Successful Award Budget'!S122-S123 -> 0 | AB123: =U123+V123+W123+X123+Y123+Z123+AA123 -> 0
A124: <---- unhide additional rows if needed
A125: Other Direct Expenses Subtotal | M125: =SUM(M101:M123) -> 0 | N125: =SUM(N101:N123) -> 0 | O125: =SUM(O101:O123) -> 0 | P125: =SUM(P101:P123) -> 0 | Q125: =SUM(Q101:Q123) -> 0 | R125: =SUM(R101:R123) -> 0 | S125: =SUM(S101:S123) -> 0 | T125: =SUM(T101:T123) -> 0 | ... AB125: =SUM(AB101:AB123) -> 0
A127: CONSULTANT / SUBCONTRACTOR EXPENSES | B127: Role / Purpose of Engagement | C127: Daily rate / Project Cost | D127: Quantity | E127: Additional Detail | M127: =M19 -> Period 1 mm/dd/yy - mm/dd/yy | N127: =N19 -> Period 2 mm/dd/yy - mm/dd/yy | O127: =O19 -> Period 3 mm/dd/yy - mm/dd/yy | P127: =P19 -> Period 4 mm/dd/yy - mm/dd/yy | Q127: =Q19 -> Period 5 mm/dd/yy - mm/dd/yy | R127: =R19 -> Period 6 mm/dd/yy - mm/dd/yy | S127: =S19 -> Period 7 mm/dd/yy - mm/dd/yy | U127: =M127 -> Period 1 mm/dd/yy - mm/dd/yy | V127: =N127 -> Period 2 mm/dd/yy - mm/dd/yy | W127: =O127 -> Period 3 mm/dd/yy - mm/dd/yy | X127: =P127 -> Period 4 mm/dd/yy - mm/dd/yy | Y127: =Q127 -> Period 5 mm/dd/yy - mm/dd/yy | Z127: =R127 -> Period 6 mm/dd/yy - mm/dd/yy | AA127: =S127 -> Period 7 mm/dd/yy - mm/dd/yy
A128: ='Successful Award Budget'!A127 | T128: =M128+N128+O128+P128+Q128+R128+S128 -> 0 | U128: ='Successful Award Budget'!M127-M128 -> 0 | V128: ='Successful Award Budget'!N127-N128 -> 0 | W128: ='Successful Award Budget'!O127-O128 -> 0 | X128: ='Successful Award Budget'!P127-P128 -> 0 | Y128: ='Successful Award Budget'!Q127-Q128 -> 0 | Z128: ='Successful Award Budget'!R127-R128 -> 0 | AA128: ='Successful Award Budget'!S127-S128 -> 0 | AB128: =U128+V128+W128+X128+Y128+Z128+AA128 -> 0
T129: =M129+N129+O129+P129+Q129+R129+S129 -> 0 | U129: ='Successful Award Budget'!M128-M129 -> 0 | V129: ='Successful Award Budget'!N128-N129 -> 0 | W129: ='Successful Award Budget'!O128-O129 -> 0 | X129: ='Successful Award Budget'!P128-P129 -> 0 | Y129: ='Successful Award Budget'!Q128-Q129 -> 0 | Z129: ='Successful Award Budget'!R128-R129 -> 0 | AA129: ='Successful Award Budget'!S128-S129 -> 0 | AB129: =U129+V129+W129+X129+Y129+Z129+AA129 -> 0
T130: =M130+N130+O130+P130+Q130+R130+S130 -> 0 | U130: ='Successful Award Budget'!M129-M130 -> 0 | V130: ='Successful Award Budget'!N129-N130 -> 0 | W130: ='Successful Award Budget'!O129-O130 -> 0 | X130: ='Successful Award Budget'!P129-P130 -> 0 | Y130: ='Successful Award Budget'!Q129-Q130 -> 0 | Z130: ='Successful Award Budget'!R129-R130 -> 0 | AA130: ='Successful Award Budget'!S129-S130 -> 0 | AB130: =U130+V130+W130+X130+Y130+Z130+AA130 -> 0
T131: =M131+N131+O131+P131+Q131+R131+S131 -> 0 | U131: ='Successful Award Budget'!M130-M131 -> 0 | V131: ='Successful Award Budget'!N130-N131 -> 0 | W131: ='Successful Award Budget'!O130-O131 -> 0 | X131: ='Successful Award Budget'!P130-P131 -> 0 | Y131: ='Successful Award Budget'!Q130-Q131 -> 0 | Z131: ='Successful Award Budget'!R130-R131 -> 0 | AA131: ='Successful Award Budget'!S130-S131 -> 0 | AB131: =U131+V131+W131+X131+Y131+Z131+AA131 -> 0
T132: =M132+N132+O132+P132+Q132+R132+S132 -> 0 | U132: ='Successful Award Budget'!M131-M132 -> 0 | V132: ='Successful Award Budget'!N131-N132 -> 0 | W132: ='Successful Award Budget'!O131-O132 -> 0 | X132: ='Successful Award Budget'!P131-P132 -> 0 | Y132: ='Successful Award Budget'!Q131-Q132 -> 0 | Z132: ='Successful Award Budget'!R131-R132 -> 0 | AA132: ='Successful Award Budget'!S131-S132 -> 0 | AB132: =U132+V132+W132+X132+Y132+Z132+AA132 -> 0
T133: =M133+N133+O133+P133+Q133+R133+S133 -> 0 | U133: ='Successful Award Budget'!M132-M133 -> 0 | V133: ='Successful Award Budget'!N132-N133 -> 0 | W133: ='Successful Award Budget'!O132-O133 -> 0 | X133: ='Successful Award Budget'!P132-P133 -> 0 | Y133: ='Successful Award Budget'!Q132-Q133 -> 0 | Z133: ='Successful Award Budget'!R132-R133 -> 0 | AA133: ='Successful Award Budget'!S132-S133 -> 0 | AB133: =U133+V133+W133+X133+Y133+Z133+AA133 -> 0
T134: =M134+N134+O134+P134+Q134+R134+S134 -> 0 | U134: ='Successful Award Budget'!M133-M134 -> 0 | V134: ='Successful Award Budget'!N133-N134 -> 0 | W134: ='Successful Award Budget'!O133-O134 -> 0 | X134: ='Successful Award Budget'!P133-P134 -> 0 | Y134: ='Successful Award Budget'!Q133-Q134 -> 0 | Z134: ='Successful Award Budget'!R133-R134 -> 0 | AA134: ='Successful Award Budget'!S133-S134 -> 0 | AB134: =U134+V134+W134+X134+Y134+Z134+AA134 -> 0
T135: =M135+N135+O135+P135+Q135+R135+S135 -> 0 | U135: ='Successful Award Budget'!M134-M135 -> 0 | V135: ='Successful Award Budget'!N134-N135 -> 0 | W135: ='Successful Award Budget'!O134-O135 -> 0 | X135: ='Successful Award Budget'!P134-P135 -> 0 | Y135: ='Successful Award Budget'!Q134-Q135 -> 0 | Z135: ='Successful Award Budget'!R134-R135 -> 0 | AA135: ='Successful Award Budget'!S134-S135 -> 0 | AB135: =U135+V135+W135+X135+Y135+Z135+AA135 -> 0
T136: =M136+N136+O136+P136+Q136+R136+S136 -> 0 | U136: ='Successful Award Budget'!M135-M136 -> 0 | V136: ='Successful Award Budget'!N135-N136 -> 0 | W136: ='Successful Award Budget'!O135-O136 -> 0 | X136: ='Successful Award Budget'!P135-P136 -> 0 | Y136: ='Successful Award Budget'!Q135-Q136 -> 0 | Z136: ='Successful Award Budget'!R135-R136 -> 0 | AA136: ='Successful Award Budget'!S135-S136 -> 0 | AB136: =U136+V136+W136+X136+Y136+Z136+AA136 -> 0
T137: =M137+N137+O137+P137+Q137+R137+S137 -> 0 | U137: ='Successful Award Budget'!M136-M137 -> 0 | V137: ='Successful Award Budget'!N136-N137 -> 0 | W137: ='Successful Award Budget'!O136-O137 -> 0 | X137: ='Successful Award Budget'!P136-P137 -> 0 | Y137: ='Successful Award Budget'!Q136-Q137 -> 0 | Z137: ='Successful Award Budget'!R136-R137 -> 0 | AA137: ='Successful Award Budget'!S136-S137 -> 0 | AB137: =U137+V137+W137+X137+Y137+Z137+AA137 -> 0
T138: =M138+N138+O138+P138+Q138+R138+S138 -> 0 | U138: ='Successful Award Budget'!M137-M138 -> 0 | V138: ='Successful Award Budget'!N137-N138 -> 0 | W138: ='Successful Award Budget'!O137-O138 -> 0 | X138: ='Successful Award Budget'!P137-P138 -> 0 | Y138: ='Successful Award Budget'!Q137-Q138 -> 0 | Z138: ='Successful Award Budget'!R137-R138 -> 0 | AA138: ='Successful Award Budget'!S137-S138 -> 0 | AB138: =U138+V138+W138+X138+Y138+Z138+AA138 -> 0
T139: =M139+N139+O139+P139+Q139+R139+S139 -> 0 | U139: ='Successful Award Budget'!M138-M139 -> 0 | V139: ='Successful Award Budget'!N138-N139 -> 0 | W139: ='Successful Award Budget'!O138-O139 -> 0 | X139: ='Successful Award Budget'!P138-P139 -> 0 | Y139: ='Successful Award Budget'!Q138-Q139 -> 0 | Z139: ='Successful Award Budget'!R138-R139 -> 0 | AA139: ='Successful Award Budget'!S138-S139 -> 0 | AB139: =U139+V139+W139+X139+Y139+Z139+AA139 -> 0
T140: =M140+N140+O140+P140+Q140+R140+S140 -> 0 | U140: ='Successful Award Budget'!M139-M140 -> 0 | V140: ='Successful Award Budget'!N139-N140 -> 0 | W140: ='Successful Award Budget'!O139-O140 -> 0 | X140: ='Successful Award Budget'!P139-P140 -> 0 | Y140: ='Successful Award Budget'!Q139-Q140 -> 0 | Z140: ='Successful Award Budget'!R139-R140 -> 0 | AA140: ='Successful Award Budget'!S139-S140 -> 0 | AB140: =U140+V140+W140+X140+Y140+Z140+AA140 -> 0
... T167: =M167+N167+O167+P167+Q167+R167+S167 -> 0 | U167: ='Successful Award Budget'!M166-M167 -> 0 | V167: ='Successful Award Budget'!N166-N167 -> 0 | W167: ='Successful Award Budget'!O166-O167 -> 0 | X167: ='Successful Award Budget'!P166-P167 -> 0 | Y167: ='Successful Award Budget'!Q166-Q167 -> 0 | Z167: ='Successful Award Budget'!R166-R167 -> 0 | AA167: ='Successful Award Budget'!S166-S167 -> 0 | AB167: =U167+V167+W167+X167+Y167+Z167+AA167 -> 0
A168: <---- unhide additional rows if needed
A169: Consultant/Subcontractor Subtotal | M169: =SUM(M128:M167) -> 0 | N169: =SUM(N128:N167) -> 0 | O169: =SUM(O128:O167) -> 0 | P169: =SUM(P128:P167) -> 0 | Q169: =SUM(Q128:Q167) -> 0 | R169: =SUM(R128:R167) -> 0 | S169: =SUM(S128:S167) -> 0 | T169: =SUM(T128:T167) -> 0 | ... AB169: =SUM(AB128:AB167) -> 0
A171: TOTAL REQUEST | M171: =M50+M97+M125+M169 -> 0 | N171: =N50+N97+N125+N169 -> 0 | O171: =O50+O97+O125+O169 -> 0 | P171: =P50+P97+P125+P169 -> 0 | Q171: =Q50+Q97+Q125+Q169 -> 0 | R171: =R50+R97+R125+R169 -> 0 | S171: =S50+S97+S125+S169 -> 0 | T171: =T50+T97+T125+T169 -> 0 | ... AB171: =AB50+AB97+AB125+AB169 -> 0

Sheet Successful Award Budget
A1: IGL Seed Grants: Lowering Barriers to High-Impact Experimental Research
A2: To complete only if a successful award is made
A3: Date Submitted:
A5: Organisation Name
A6: Lead Personnel
A7: Proposal Title
A8: Award Amount (GBP) | B8: =T170 -> 0
A10: Start Date
A11: End Date
A12: Project Duration (months) | B12: =IF(OR(B10="",B11=""),"",YEARFRAC(B10,B11)*12) | E12: Complete only cells in blue
A17: EXPENSE TYPE | B17: Expense Description | C17: Calculation Detail | M17: Period 1 01/03/2026 - 31/08/2026 | N17: Period 2 01/09/2026 - 8/02/2027 | O17: Period 3 mm/dd/yy - mm/dd/yy | P17: Period 4 mm/dd/yy - mm/dd/yy | Q17: Period 5 mm/dd/yy - mm/dd/yy | R17: Period 6 mm/dd/yy - mm/dd/yy | S17: Period 7 mm/dd/yy - mm/dd/yy | T17: Total
A18: PERSONNEL | B18: Job Title | C18: Fringe % | D18: Salary | E18: Period 1 FTE | F18: Period 2 FTE | G18: Period 3 FTE | H18: Period 4 FTE% | I18: Period 5 FTE% | J18: Period 6 FTE% | K18: Period 7 FTE%
M19: =$D$19*E19*(1+$C$19) -> 0 | N19: =D19*F19*(1+C19)*(1+$C$15) -> 0 | O19: =D19*G19*(1+C19)*(1+$C$15)*(1+$C$15) -> 0 | P19: =D19*H19*(1+C19)*(1+$C$15)*(1+$C$15)*(1+$C$15) -> 0 | Q19: =D19*I19*(1+C19)*(1+$C$15)*(1+$C$15)*(1+$C$15)*(1+$C$15) -> 0 | R19: =D19*J19*(1+C19)*(1+$C$15)*(1+$C$15)*(1+$C$15)*(1+$C$15)*(1+$C$15) -> 0 | S19: =D19*K19*(1+C19)*(1+$C$15)*(1+$C$15)*(1+$C$15)*(1+$C$15)*(1+$C$15)*(1+$C$15) -> 0 | T19: =M19+N19+O19+P19+Q19+R19+S19 -> 0
M20: =$D$20*E20*(1+$C$20) -> 0 | N20: =D20*F20*(1+C20)*(1+$C$15) -> 0 | O20: =D20*G20*(1+C20)*(1+$C$15)*(1+$C$15) -> 0 | P20: =D20*H20*(1+C20)*(1+$C$15)*(1+$C$15)*(1+$C$15) -> 0 | Q20: =D20*I20*(1+C20)*(1+$C$15)*(1+$C$15)*(1+$C$15)*(1+$C$15) -> 0 | R20: =D20*J20*(1+C20)*(1+$C$15)*(1+$C$15)*(1+$C$15)*(1+$C$15)*(1+$C$15) -> 0 | S20: =D20*K20*(1+C20)*(1+$C$15)*(1+$C$15)*(1+$C$15)*(1+$C$15)*(1+$C$15)*(1+$C$15) -> 0 | T20: =M20+N20+O20+P20+Q20+R20+S20 -> 0
M21: =$D$21*E21*(1+$C$21) -> 0 | N21: =D21*F21*(1+C21)*(1+$C$15) -> 0 | O21: =D21*G21*(1+C21)*(1+$C$15)*(1+$C$15) -> 0 | P21: =D21*H21*(1+C21)*(1+$C$15)*(1+$C$15)*(1+$C$15) -> 0 | Q21: =D21*I21*(1+C21)*(1+$C$15)*(1+$C$15)*(1+$C$15)*(1+$C$15) -> 0 | R21: =D21*J21*(1+C21)*(1+$C$15)*(1+$C$15)*(1+$C$15)*(1+$C$15)*(1+$C$15) -> 0 | S21: =D21*K21*(1+C21)*(1+$C$15)*(1+$C$15)*(1+$C$15)*(1+$C$15)*(1+$C$15)*(1+$C$15) -> 0 | T21: =M21+N21+O21+P21+Q21+R21+S21 -> 0
M22: =D22*E22*(1+C22) -> 0 | N22: =D22*F22*(1+C22)*(1+$C$15) -> 0 | O22: =D22*G22*(1+C22)*(1+$C$15)*(1+$C$15) -> 0 | P22: =D22*H22*(1+C22)*(1+$C$15)*(1+$C$15)*(1+$C$15) -> 0 | Q22: =D22*I22*(1+C22)*(1+$C$15)*(1+$C$15)*(1+$C$15)*(1+$C$15) -> 0 | R22: =D22*J22*(1+C22)*(1+$C$15)*(1+$C$15)*(1+$C$15)*(1+$C$15)*(1+$C$15) -> 0 | S22: =D22*K22*(1+C22)*(1+$C$15)*(1+$C$15)*(1+$C$15)*(1+$C$15)*(1+$C$15)*(1+$C$15) -> 0 | T22: =M22+N22+O22+P22+Q22+R22+S22 -> 0
M23: =D23*E23*(1+C23) -> 0 | N23: =D23*F23*(1+C23)*(1+$C$15) -> 0 | O23: =D23*G23*(1+C23)*(1+$C$15)*(1+$C$15) -> 0 | P23: =D23*H23*(1+C23)*(1+$C$15)*(1+$C$15)*(1+$C$15) -> 0 | Q23: =D23*I23*(1+C23)*(1+$C$15)*(1+$C$15)*(1+$C$15)*(1+$C$15) -> 0 | R23: =D23*J23*(1+C23)*(1+$C$15)*(1+$C$15)*(1+$C$15)*(1+$C$15)*(1+$C$15) -> 0 | S23: =D23*K23*(1+C23)*(1+$C$15)*(1+$C$15)*(1+$C$15)*(1+$C$15)*(1+$C$15)*(1+$C$15) -> 0 | T23: =M23+N23+O23+P23+Q23+R23+S23 -> 0
M24: =D24*E24*(1+C24) -> 0 | N24: =D24*F24*(1+C24)*(1+$C$15) -> 0 | O24: =D24*G24*(1+C24)*(1+$C$15)*(1+$C$15) -> 0 | P24: =D24*H24*(1+C24)*(1+$C$15)*(1+$C$15)*(1+$C$15) -> 0 | Q24: =D24*I24*(1+C24)*(1+$C$15)*(1+$C$15)*(1+$C$15)*(1+$C$15) -> 0 | R24: =D24*J24*(1+C24)*(1+$C$15)*(1+$C$15)*(1+$C$15)*(1+$C$15)*(1+$C$15) -> 0 | S24: =D24*K24*(1+C24)*(1+$C$15)*(1+$C$15)*(1+$C$15)*(1+$C$15)*(1+$C$15)*(1+$C$15) -> 0 | T24: =M24+N24+O24+P24+Q24+R24+S24 -> 0
M25: =D25*E25*(1+C25) -> 0 | N25: =D25*F25*(1+C25)*(1+$C$15) -> 0 | O25: =D25*G25*(1+C25)*(1+$C$15)*(1+$C$15) -> 0 | P25: =D25*H25*(1+C25)*(1+$C$15)*(1+$C$15)*(1+$C$15) -> 0 | Q25: =D25*I25*(1+C25)*(1+$C$15)*(1+$C$15)*(1+$C$15)*(1+$C$15) -> 0 | R25: =D25*J25*(1+C25)*(1+$C$15)*(1+$C$15)*(1+$C$15)*(1+$C$15)*(1+$C$15) -> 0 | S25: =D25*K25*(1+C25)*(1+$C$15)*(1+$C$15)*(1+$C$15)*(1+$C$15)*(1+$C$15)*(1+$C$15) -> 0 | T25: =M25+N25+O25+P25+Q25+R25+S25 -> 0
M26: =D26*E26*(1+C26) -> 0 | N26: =D26*F26*(1+C26)*(1+$C$15) -> 0 | O26: =D26*G26*(1+C26)*(1+$C$15)*(1+$C$15) -> 0 | P26: =D26*H26*(1+C26)*(1+$C$15)*(1+$C$15)*(1+$C$15) -> 0 | Q26: =D26*I26*(1+C26)*(1+$C$15)*(1+$C$15)*(1+$C$15)*(1+$C$15) -> 0 | R26: =D26*J26*(1+C26)*(1+$C$15)*(1+$C$15)*(1+$C$15)*(1+$C$15)*(1+$C$15) -> 0 | S26: =D26*K26*(1+C26)*(1+$C$15)*(1+$C$15)*(1+$C$15)*(1+$C$15)*(1+$C$15)*(1+$C$15) -> 0 | T26: =M26+N26+O26+P26+Q26+R26+S26 -> 0
M27: =D27*E27*(1+C27) -> 0 | N27: =D27*F27*(1+C27)*(1+$C$15) -> 0 | O27: =D27*G27*(1+C27)*(1+$C$15)*(1+$C$15) -> 0 | P27: =D27*H27*(1+C27)*(1+$C$15)*(1+$C$15)*(1+$C$15) -> 0 | Q27: =D27*I27*(1+C27)*(1+$C$15)*(1+$C$15)*(1+$C$15)*(1+$C$15) -> 0 | R27: =D27*J27*(1+C27)*(1+$C$15)*(1+$C$15)*(1+$C$15)*(1+$C$15)*(1+$C$15) -> 0 | S27: =D27*K27*(1+C27)*(1+$C$15)*(1+$C$15)*(1+$C$15)*(1+$C$15)*(1+$C$15)*(1+$C$15) -> 0 | T27: =M27+N27+O27+P27+Q27+R27+S27 -> 0
M28: =D28*E28*(1+C28) -> 0 | N28: =D28*F28*(1+C28)*(1+$C$15) -> 0 | O28: =D28*G28*(1+C28)*(1+$C$15)*(1+$C$15) -> 0 | P28: =D28*H28*(1+C28)*(1+$C$15)*(1+$C$15)*(1+$C$15) -> 0 | Q28: =D28*I28*(1+C28)*(1+$C$15)*(1+$C$15)*(1+$C$15)*(1+$C$15) -> 0 | R28: =D28*J28*(1+C28)*(1+$C$15)*(1+$C$15)*(1+$C$15)*(1+$C$15)*(1+$C$15) -> 0 | S28: =D28*K28*(1+C28)*(1+$C$15)*(1+$C$15)*(1+$C$15)*(1+$C$15)*(1+$C$15)*(1+$C$15) -> 0 | T28: =M28+N28+O28+P28+Q28+R28+S28 -> 0
M29: =D29*E29*(1+C29) -> 0 | N29: =D29*F29*(1+C29)*(1+$C$15) -> 0 | O29: =D29*G29*(1+C29)*(1+$C$15)*(1+$C$15) -> 0 | P29: =D29*H29*(1+C29)*(1+$C$15)*(1+$C$15)*(1+$C$15) -> 0 | Q29: =D29*I29*(1+C29)*(1+$C$15)*(1+$C$15)*(1+$C$15)*(1+$C$15) -> 0 | R29: =D29*J29*(1+C29)*(1+$C$15)*(1+$C$15)*(1+$C$15)*(1+$C$15)*(1+$C$15) -> 0 | S29: =D29*K29*(1+C29)*(1+$C$15)*(1+$C$15)*(1+$C$15)*(1+$C$15)*(1+$C$15)*(1+$C$15) -> 0 | T29: =M29+N29+O29+P29+Q29+R29+S29 -> 0
M30: =D30*E30*(1+C30) -> 0 | N30: =D30*F30*(1+C30)*(1+$C$15) -> 0 | O30: =D30*G30*(1+C30)*(1+$C$15)*(1+$C$15) -> 0 | P30: =D30*H30*(1+C30)*(1+$C$15)*(1+$C$15)*(1+$C$15) -> 0 | Q30: =D30*I30*(1+C30)*(1+$C$15)*(1+$C$15)*(1+$C$15)*(1+$C$15) -> 0 | R30: =D30*J30*(1+C30)*(1+$C$15)*(1+$C$15)*(1+$C$15)*(1+$C$15)*(1+$C$15) -> 0 | S30: =D30*K30*(1+C30)*(1+$C$15)*(1+$C$15)*(1+$C$15)*(1+$C$15)*(1+$C$15)*(1+$C$15) -> 0 | T30: =M30+N30+O30+P30+Q30+R30+S30 -> 0
M31: =D31*E31*(1+C31) -> 0 | N31: =D31*F31*(1+C31)*(1+$C$15) -> 0 | O31: =D31*G31*(1+C31)*(1+$C$15)*(1+$C$15) -> 0 | P31: =D31*H31*(1+C31)*(1+$C$15)*(1+$C$15)*(1+$C$15) -> 0 | Q31: =D31*I31*(1+C31)*(1+$C$15)*(1+$C$15)*(1+$C$15)*(1+$C$15) -> 0 | R31: =D31*J31*(1+C31)*(1+$C$15)*(1+$C$15)*(1+$C$15)*(1+$C$15)*(1+$C$15) -> 0 | S31: =D31*K31*(1+C31)*(1+$C$15)*(1+$C$15)*(1+$C$15)*(1+$C$15)*(1+$C$15)*(1+$C$15) -> 0 | T31: =M31+N31+O31+P31+Q31+R31+S31 -> 0
M32: =D32*E32*(1+C32) -> 0 | N32: =D32*F32*(1+C32)*(1+$C$15) -> 0 | O32: =D32*G32*(1+C32)*(1+$C$15)*(1+$C$15) -> 0 | P32: =D32*H32*(1+C32)*(1+$C$15)*(1+$C$15)*(1+$C$15) -> 0 | Q32: =D32*I32*(1+C32)*(1+$C$15)*(1+$C$15)*(1+$C$15)*(1+$C$15) -> 0 | R32: =D32*J32*(1+C32)*(1+$C$15)*(1+$C$15)*(1+$C$15)*(1+$C$15)*(1+$C$15) -> 0 | S32: =D32*K32*(1+C32)*(1+$C$15)*(1+$C$15)*(1+$C$15)*(1+$C$15)*(1+$C$15)*(1+$C$15) -> 0 | T32: =M32+N32+O32+P32+Q32+R32+S32 -> 0
M33: =D33*E33*(1+C33) -> 0 | N33: =D33*F33*(1+C33)*(1+$C$15) -> 0 | O33: =D33*G33*(1+C33)*(1+$C$15)*(1+$C$15) -> 0 | P33: =D33*H33*(1+C33)*(1+$C$15)*(1+$C$15)*(1+$C$15) -> 0 | Q33: =D33*I33*(1+C33)*(1+$C$15)*(1+$C$15)*(1+$C$15)*(1+$C$15) -> 0 | R33: =D33*J33*(1+C33)*(1+$C$15)*(1+$C$15)*(1+$C$15)*(1+$C$15)*(1+$C$15) -> 0 | S33: =D33*K33*(1+C33)*(1+$C$15)*(1+$C$15)*(1+$C$15)*(1+$C$15)*(1+$C$15)*(1+$C$15) -> 0 | T33: =M33+N33+O33+P33+Q33+R33+S33 -> 0
... M47: =D47*E47*(1+C47) -> 0 | N47: =D47*F47*(1+C47)*(1+$C$15) -> 0 | O47: =D47*G47*(1+C47)*(1+$C$15)*(1+$C$15) -> 0 | P47: =D47*H47*(1+C47)*(1+$C$15)*(1+$C$15)*(1+$C$15) -> 0 | Q47: =D47*I47*(1+C47)*(1+$C$15)*(1+$C$15)*(1+$C$15)*(1+$C$15) -> 0 | R47: =D47*J47*(1+C47)*(1+$C$15)*(1+$C$15)*(1+$C$15)*(1+$C$15)*(1+$C$15) -> 0 | S47: =D47*K47*(1+C47)*(1+$C$15)*(1+$C$15)*(1+$C$15)*(1+$C$15)*(1+$C$15)*(1+$C$15) -> 0 | T47: =M47+N47+O47+P47+Q47+R47+S47 -> 0
A48: <---- unhide additional rows if needed
A49: Personnel Subtotal | M49: =SUM(M19:M47) -> 0 | N49: =SUM(N19:N47) -> 0 | O49: =SUM(O19:O47) -> 0 | P49: =SUM(P19:P47) -> 0 | Q49: =SUM(Q19:Q47) -> 0 | R49: =SUM(R19:R47) -> 0 | S49: =SUM(S19:S47) -> 0 | T49: =SUM(T19:T47) -> 0
A51: TRAVEL | B51: Purpose of Trip | C51: Cost per Item | D51: # Items | E51: Additional Detail
T52: =M52+N52+O52+P52+Q52+R52+S52 -> 0
T53: =M53+N53+O53+P53+Q53+R53+S53 -> 0
T54: =M54+N54+O54+P54+Q54+R54+S54 -> 0
T55: =M55+N55+O55+P55+Q55+R55+S55 -> 0
T56: =M56+N56+O56+P56+Q56+R56+S56 -> 0
T57: =M57+N57+O57+P57+Q57+R57+S57 -> 0
T58: =M58+N58+O58+P58+Q58+R58+S58 -> 0
T59: =M59+N59+O59+P59+Q59+R59+S59 -> 0
T60: =M60+N60+O60+P60+Q60+R60+S60 -> 0
T61: =M61+N61+O61+P61+Q61+R61+S61 -> 0
T62: =M62+N62+O62+P62+Q62+R62+S62 -> 0
T63: =M63+N63+O63+P63+Q63+R63+S63 -> 0
... T94: =M94+N94+O94+P94+Q94+R94+S94 -> 0
A95: <---- unhide additional rows if needed
A96: Travel Subtotal | M96: =SUM(M52:M94) -> 0 | N96: =SUM(N52:N94) -> 0 | O96: =SUM(O52:O94) -> 0 | P96: =SUM(P52:P94) -> 0 | Q96: =SUM(Q52:Q94) -> 0 | R96: =SUM(R52:R94) -> 0 | S96: =SUM(S52:S94) -> 0 | T96: =SUM(T52:T94) -> 0
A99: OTHER DIRECT EXPENSES | B99: Purpose of Item | C99: Cost per Item | D99: Quantity | E99: Additional Detail
T100: =M100+N100+O100+P100+Q100+R100+S100 -> 0
T101: =M101+N101+O101+P101+Q101+R101+S101 -> 0
T102: =M102+N102+O102+P102+Q102+R102+S102 -> 0
T103: =M103+N103+O103+P103+Q103+R103+S103 -> 0
T104: =M104+N104+O104+P104+Q104+R104+S104 -> 0
T105: =M105+N105+O105+P105+Q105+R105+S105 -> 0
T106: =M106+N106+O106+P106+Q106+R106+S106 -> 0
T107: =M107+N107+O107+P107+Q107+R107+S107 -> 0
T108: =M108+N108+O108+P108+Q108+R108+S108 -> 0
T109: =M109+N109+O109+P109+Q109+R109+S109 -> 0
T110: =M110+N110+O110+P110+Q110+R110+S110 -> 0
T111: =M111+N111+O111+P111+Q111+R111+S111 -> 0
... T122: =M122+N122+O122+P122+Q122+R122+S122 -> 0
A123: <---- unhide additional rows if needed
A124: Other Direct Expenses Subtotal | M124: =SUM(M100:M122) -> 0 | N124: =SUM(N100:N122) -> 0 | O124: =SUM(O100:O122) -> 0 | P124: =SUM(P100:P122) -> 0 | Q124: =SUM(Q100:Q122) -> 0 | R124: =SUM(R100:R122) -> 0 | S124: =SUM(S100:S122) -> 0 | T124: =SUM(T100:T122) -> 0
A126: CONSULTANT / SUBCONTRACTOR EXPENSES | B126: Role / Purpose of Engagement | C126: Daily rate / Project Cost | D126: Quantity | E126: Additional Detail
T127: =M127+N127+O127+P127+Q127+R127+S127 -> 0
T128: =M128+N128+O128+P128+Q128+R128+S128 -> 0
T129: =M129+N129+O129+P129+Q129+R129+S129 -> 0
T130: =M130+N130+O130+P130+Q130+R130+S130 -> 0
T131: =M131+N131+O131+P131+Q131+R131+S131 -> 0
T132: =M132+N132+O132+P132+Q132+R132+S132 -> 0
T133: =M133+N133+O133+P133+Q133+R133+S133 -> 0
T134: =M134+N134+O134+P134+Q134+R134+S134 -> 0
T135: =M135+N135+O135+P135+Q135+R135+S135 -> 0
T136: =M136+N136+O136+P136+Q136+R136+S136 -> 0
T137: =M137+N137+O137+P137+Q137+R137+S137 -> 0
T138: =M138+N138+O138+P138+Q138+R138+S138 -> 0
... T166: =M166+N166+O166+P166+Q166+R166+S166 -> 0
A167: <---- unhide additional rows if needed
A168: Consultant/Subcontractor Subtotal | M168: =SUM(M127:M166) -> 0 | N168: =SUM(N127:N166) -> 0 | O168: =SUM(O127:O166) -> 0 | P168: =SUM(P127:P166) -> 0 | Q168: =SUM(Q127:Q166) -> 0 | R168: =SUM(R127:R166) -> 0 | S168: =SUM(S127:S166) -> 0 | T168: =SUM(T127:T166) -> 0
A170: TOTAL REQUEST | M170: =M49+M96+M124+M168 -> 0 | N170: =N49+N96+N124+N168 -> 0 | O170: =O49+O96+O124+O168 -> 0 | P170: =P49+P96+P124+P168 -> 0 | Q170: =Q49+Q96+Q124+Q168 -> 0 | R170: =R49+R96+R124+R168 -> 0 | S170: =S49+S96+S124+S168 -> 0 | T170: =T49+T96+T124+T168 -> 0
